Workbook
Name contratación: 'IDENTIFICACION Y ANALISIS'!$B$31:$B$34
Name ejecución: 'IDENTIFICACION Y ANALISIS'!$B$36:$B$57
Name OPCIONES: 'ASIGNACION Y TRATAMIENTO'!$B$70:$B$72
Name planeación: 'IDENTIFICACION Y ANALISIS'!$B$19:$B$20
Name selección: 'IDENTIFICACION Y ANALISIS'!$B$23:$B$29

Sheet CONTEXTO
C2: MATRIZ DE RIESGOS EN CONTRATACIÓN | F2: Código: GCO-GCI-F164 Versión: 02 Vigencia: 01 de diciembre de 2022 Caso HOLA: 280117
B6: ESTABLECER EL CONTEXTO
B7: El punto inicial es identificar el contexto en el cual interactúa la Entidad Estatal para conocer el ambiente social, económico y político, e identificar (i) sus propios Riesgos; (ii) los Riesgos comunes a sus Procesos de Contratación; y (iii) los Riesgos del Proceso de Contratación en particular. (Aplica igual para contratos interadministrativos) En este paso la Entidad Estatal debe identificar los aspectos que se mencionan a continuación y los posibles efectos adversos que estos pueden generar.
B8: Objeto del Proceso de Contratación: “Prestar los servicios logísticos para apoyar la planeación, organización y realización de las actividades y eventos culturales, artísticos y comunitarios que se desarrollen en la localidad de Puente Aranda”.
B9: Partícipes del Proceso de Contratación: Agentes externos (Organismos de control, veedurías ciudadanas), agentes internos (supervisores, funcionarios y demás usuarios).
B10: Ciudadanía que se beneficia del Proceso de Contratación: Agentes externos: grupos culturales de interés . Agentes internos: supervisor del contrato; apoyo a la supervisión
B11: Capacidad de la Entidad Estatal entendida como la disponibilidad de recursos y conocimientos para el Proceso de Contratación: Participan las áreas que requieren los procesos de contratación, como Planeación y Participación (Etapa de Estudios previos), de los equipos de Contratación y Planeación de la Alcaldía Local, el supervisor y a quien delegue como apoyo a la supervisión (Etapa contractual), los evaluadores designados, idóneos y con experiencia en el tema.
B12: Suficiencia del presupuesto oficial del Proceso de Contratación: De acuerdo al Plan Anual de Adquisiciones se deben estimar los recursos necesarios para el desarrollo del proceso de la contratación, el cual tendrá el soporte presupuestal suficiente para su desarrollo.
B13: Condiciones geográficas y de acceso del lugar en el cual se debe cumplir el objeto del Proceso de Contratación: El suministro, obra o servicio se prestará principalmente en la localidad de Puente Aranda.
B14: Entorno socio ambiental: Existe aceptación por parte de la comunidad e interés en participar en dichas actividades.
B15: Condiciones políticas: N/A
B16: Factores ambientales.El Estudio previo cuenta con las cláusulas ambientales y Fichas ambientales que debe cumplir el Contratista durante la ejecución.
B17: Sector del objeto del Proceso de Contratación y su mercado. El estudio de sector cuenta con el analisis de la oferta y demanda para el proceso contractual, encontrando una amplia oferta de empresas privadas y públicas que prestan el servio
... B19: Experiencia propia y de otras Entidades Estatales en Procesos de Contratación del mismo tipo. El Fondo cuenta con la experiencia adquirida en el adelantamiento de este tipo de procesos.

Sheet IDENTIFICACION Y ANALISIS
C2: MATRIZ DE RIESGOS DE CONTRATACIÓN | F2: Código: GCO-GCI-F164 Versión: 02 Vigencia: 01 de diciembre de 2022 Caso HOLA: 280117
B6: DEFINICIONES
B7: RIESGO: Evento que puede generar efectos adversos y de distinta magnitud en el logro de los objetivos del Proceso de Contratación o en la ejecución de un contrato RIESGOS PREVISIBLES: Son los posibles hechos o circunstancias que por la naturaleza del contrato y de la actividad a ejecutar es factible su ocurrencia. ETAPA DE PLANEACIÓN: Está comprendida desde el momento en que se identifican las necesidades que debe satisfacer la Secretaría Distrital de Gobierno y los Fondos de Desarrollo Local, a través del abastecimiento de bienes, obras o servicios, la elaboración del Plan Anual de Adquisiciones y la estructuración de los documentos y estudios previos. ETAPA DE SELECCIÓN: Está comprendida entre el acto de Apertura del Proceso de Contratación y la Adjudicación o la declaración de desierto del Proceso de Contratación ETAPA DE CONTRATACIÓN: Una vez adjudicado el contrato objeto del Proceso de Contratación, inicia la etapa para la celebración del contrato y el cumplimiento de los requisitos para de perfeccionamiento y ejecución. ETAPA DE EJECUCIÓN: Inicia una vez cumplidos los requisitos previstos para iniciar la ejecución del contrato respectivo y termina con el vencimiento del plazo del contrato o la fecha de liquidación si hay lugar a ella. RIESGO GENERAL: Es un riesgo de todos los procesos de contratación adelantados por la Entidad Estatal, por lo cual está presente en toda su actividad contractual. RIEGO ESPECIFICO: Es un riesgo propio del proceso de contratación objeto de análisis. RIESGOS ECONÓMICOS: Son los derivados del comportamiento del mercado, tales como la fluctuación de los precios de los insumos, desabastecimiento y especulación de los mismos, entre otros. RIESGOS SOCIALES O POLÍTICOS: son los derivados de los cambios de las políticas gubernamentales y de cambios en las condiciones sociales que tengan impacto en la ejecución del contrato. RIESGOS OPERACIONALES: Son los asociados a la operatividad del contrato, tales como la suficiencia del presupuesto oficial, del plazo o los derivados de procesos, procedimientos, parámetros, sistemas de información y tecnológicos, equipos humanos o técnicos inadecuados o insuficientes. RIESGOS FINANCIEROS: Son (i) el riesgo de consecución de financiación o riesgo de liquidez para obtener recursos para cumplir con el objeto del contrato, y (ii) el riesgo de las condiciones financieras establecidas para la obtención de los recursos, tales como plazos, tasas, garantías, contragarantías, y refinanciaciones, entre otros. RIESGOS REGULATORIOS: Derivados de cambios regulatorios o reglamentarios que afecten la ecuación económica del contrato. RIESGOS DE LA NATURALEZA: Son los eventos naturales previsibles en los cuales no hay intervención humana que puedan tener impacto en la ejecución del contrato, por ejemplo los temblores, inundaciones, lluvias, sequías, entre otros. RIESGOS AMBIENTALES: Son los derivados de las obligaciones legales o reglamentarias de carácter ambiental, así como de las licencias, planes de manejo o de permisos y autorizaciones ambientales, incluyendo tasas retributivas y compensatorias, obligaciones de mitigación, tareas de monitoreo y control, entre otras. RIESGOS TECNOLÓGICOS: Son los derivados de fallas en los sistemas de comunicación de voz y de datos, suspensión de servicios públicos, nuevos desarrollos tecnológicos o estándares que deben ser tenidos en cuenta para la ejecución del contrato, obsolescencia tecnológica.
B15: INSTRUCCIONES PARA LA IDENTIFICACIÓN, ANALISIS, EVALUACIÓN , ASIGNACIÓN Y TRATAMIENTO DE RIESGOS EN LA CONTRATACIÓN
B16: 1) Identifique los riesgos previsibles que le apliquen al objeto contractual que se adelante. Los relacionados a continuación se establecen de manera general y como proforma. No obstante, si del objeto contractual se identifican otros riesgos diferentes a los aquí determinados, por favor reemplace el texto de la casilla teniendo en cuenta la etapa del proceso. Así mismo, seleccione la clase, fuente y el tipo (Operacional, Económico, Sociales o Políticos, Regulatorios, Financieros, Tecnológicos, De la naturaleza, Ambientales) 2) Continúe en la hoja de "EVALUACIÓN" (SI EXISTEN DUDAS CONCEPTUALES PARA LA ELABORACIÓN DE LA MATRIZ DE RIESGO CONSULTE EL MANUAL PARA LA IDENTIFICACIÓN Y COBERTURA DEL RIESGO EN LOS PROCESOS DE CONTRATACIÓN EXPEDIDO POR COLOMBIA COMPRA EFICIENTE Y LA GUÍA DE RIESGOS PREVISIBLES CONTRACTUALES, EXPEDIDA POR LA VEEDURÍA DISTRITAL)
C17: ETAPAS | D17: CLASE | E17: FUENTE | F17: TIPO
C18: PLANEACIÓN
B19: Inadecuada escogencia de la tipología de contratación | D19: General | E19: Interno | F19: Operacionales
B20: Requisitos ponderantes inapropiados para el proceso de selección | D20: Especifico | E20: Interno | F20: Operacionales
C21: SELECCIÓN
B22: Suspensión del Proceso de selección | D22: General | E22: Interno | F22: Regulatorios
B23: Inadecuada evaluación de las ofertas y/o verificación de requisitos habilitantes | D23: General | E23: Interno | F23: Operacionales
B24: Inadecuado manejo administrativo del proceso contractual | D24: General | E24: Interno | F24: Operacionales
B25: Falta de claridad en la elaboración de los actos administrativos | D25: General | E25: Interno | F25: Operacionales
B26: Contestación inoportuna a todas las observaciones formuladas a los documentos de la contratación | D26: General | E26: Interno | F26: Operacionales
B27: Declaratoria de desierta del Proceso de selección | D27: General | E27: Externo | F27: Operacionales
B28: Selección de contratista que no cuente con la capacidad financiera y/o técnica y/o jurídicas necesarias para la ejecución del contrato. | D28: General | E28: Externo | F28: Operacionales
B29: Aceptación viciada por error | D29: General | E29: Externo | F29: Operacionales
C30: CONTRATACIÓN
B31: Riesgo de que no se firme el contrato. | D31: General | E31: Externo | F31: Operacionales
B32: Falta de constitución o constitución tardía de la garantía única. Aceptación de garantías que no se ajustan a lo contemplado en el contrato | E32: Interno | F32: Operacionales
B33: Falta de solicitud o solicitud tardía del registro presupuestal | D33: General | E33: Interno | F33: Operacionales
B34: Presentación de reclamos de terceros sobre la selección del oferente que retrasen el perfeccionamiento del contrato. | D34: General | E34: Externo | F34: Operacionales
C35: EJECUCIÓN
B36: Fluctuaciones del valor de la moneda | D36: General | E36: Externo | F36: Economicos
B37: Cambio de precios en factores de producción. | D37: General | E37: Externo | F37: Economicos
B38: Variación significativa de los precios de mercado de los bienes y servicios requeridos para la ejecución, especialmente aquellos adquiridos con cargo a bolsas a monto agotable, que pueda generar el agotamiento anticipado de los recursos disponibles. | D38: General | E38: Externo | F38: Economicos
B39: Factores políticos o macroeconómicos. | D39: Estatal | E39: Externo | F39: Sociales o Políticos
B40: Incumplimiento del objeto o de las obligaciones contractuales | D40: General | E40: Externo | F40: Economicos
B41: Variación en la disponibilidad o en el costo de los insumos necesarios para prestar los servicios. | D41: General | E41: Externo | F41: Economicos
B42: Incumplimiento de compromisos adquiridos por el contratista seleccionado con sus subcontratistas, suministradores de bienes y servicios. | D42: General | E42: Externo | F42: Economicos
B43: Incumplimiento de la administración en los pagos. | D43: General | E43: Interno | F43: Economicos
B44: Defecto en la instalación de equipos | D44: Especifico | E44: Externo | F44: Operacionales
B45: Defectos en los equipos. | D45: Especifico | E45: Externo | F45: Operacionales
B46: Daños a los equipos objeto de mantenimiento y/o otros bienes | D46: Estatal | E46: Externo | F46: Operacionales
B47: Imposición de nuevos tributos | D47: General | E47: Externo | F47: Regulatorios
... B57: Incumplimiento derivado del trámite de los permisos con autoridades ambientales, la obtención de los mismos, paz y salvos | D57: General | E57: Externo | F57: Ambientales
B62: General
B63: Estatal
B64: Especifico
B66: Interno
B67: Externo

Sheet EVALUACION
C2: MATRIZ DE RIESGOS DE CONTRATACIÓN | K2: Código: GCO-GCI-F164 Versión: 02 Vigencia: 01 de diciembre de 2022 Caso HOLA: 280117
B6: Prestar los servicios logísticos para apoyar la planeación, organización y realización de las actividades y eventos culturales, artísticos y comunitarios que se desarrollen en la localidad de Puente Aranda
B7: INSTRUCCIONES PARA LA IDENTIFICACIÓN, ANALISIS, EVALUACIÓN , ASIGNACIÓN Y TRATAMIENTO DE RIESGOS EN LA CONTRATACIÓN
B8: 1) Diligencie el objeto contractual y seleccione la(s) etapas y los riesgos que aplican al objeto contractual, de acuerdo a lo definido en la hoja de "IDENTIFICACIÓN Y ANÁLISIS"
B9: 2) Describa las consecuencias de la ocurrencia del Riesgo/evento.
B10: 3) Asigne la probabilidad de ocurrencia del riesgo, de conformidad con la tabla de probabilidad y la valoración del riesgo (Cualitativa o Monetaria)
B11: 4) Asigne el impacto que generaría la materialización del riesgo, de conformidad con la tabla de impacto y la valoración del riesgo (Cualitativa o Monetaria)
B12: 5) Al realizar las anteriores actividades se obtendrá la calificación total y la valoración del riesgo (prioridad).
B13: 6) Continúe en la hoja de "EVALUACIÓN DE CONTROLES"
B15: CALIFICACIÓN | H15: Cualitativa
B16: ETAPA | C16: Descripción (Que puede pasar y, cómo puede ocurrir) | H16: Consecuencias de la ocurrencia del evento | I16: Probabilidad de Ocurrencia | J16: Impacto | K16: Calificación Total | L16: Prioridad
B17: PLANEACIÓN | C17: Inadecuada escogencia de la tipología de contratación | H17: Retrasos en la ejecución, dificultades en la asignación de recursos, claúsulas deficientes, demandas, litigios, percepción negativa de la gestión pública. | I17: 1 | J17: 3 | K17: =I17+J17 -> 4 | L17: =IF(K17<=4,"BAJO",IF(K17=5,"MEDIO",IF(K17=6,"ALTO",IF(K17=7,"ALTO","EXTREMO")))) -> BAJO
B18: PLANEACIÓN | C18: Requisitos ponderantes inapropiados para el proceso de selección | H18: Contratistas seleccionados no cualificados, prioridad a facotres irrelevantes, baja calidad en el proyecto, exclusión de oferentes adecuados, ventajas sobre oferentes inadecuados, incumplimiento normativo y corrupción. | I18: 1 | J18: 3 | K18: =+I18+J18 -> 4 | L18: =IF(K18<=4,"BAJO",IF(K18=5,"MEDIO",IF(K18=6,"ALTO",IF(K18=7,"ALTO","EXTREMO")))) -> BAJO
B19: SELECCIÓN | C19: Suspensión del Proceso de selección | H19: Retraso en el cumplimiento de las metas de la entidad, demora en el cronograma, sobrecostos, reprocesios, aparación de impugnaciones, desconfianza en futuras contrataciones, deserción de oferentes, problemas en la asignación de recursos, afectaciones en la comunidad, | I19: 1 | J19: 5 | K19: =+I19+J19 -> 6 | L19: =IF(K19<=4,"BAJO",IF(K19=5,"MEDIO",IF(K19=6,"ALTO",IF(K19=7,"ALTO","EXTREMO")))) -> ALTO
B20: SELECCIÓN | C20: Inadecuada evaluación de las ofertas y/o verificación de requisitos habilitantes | H20: Selección de un proveedor inadecuado, desestimación de ofertas competitivas, ejecución del proyecto con baja calidad, costos incurrido por ineficiencia o incumplimiento, rescición de contratos, investigación por parte de entes de control, inhablitiación o multas, dificultades en la supervisión, modificaciones contractuales frecuentes, impacto negativo en la comunidad. | I20: 1 | J20: 4 | K20: =+I20+J20 -> 5 | L20: =IF(K20<=4,"BAJO",IF(K20=5,"MEDIO",IF(K20=6,"ALTO",IF(K20=7,"ALTO","EXTREMO")))) -> MEDIO
B21: SELECCIÓN | C21: Inadecuado manejo administrativo del proceso contractual | H21: Retrasos en los tiempos de entrega y aprobaciones, sobrecostos por retrasos y recargos administrativos, corrupción, falta de trazabilidad en los procesos, multas, sanciones o demandas, no se puede hacer efectiva la garantía del proyecto, pago injustificados, decisiones inadeacuada al objeto del contrato, investigaciones o sanciones por parte de los entes de control, | I21: 2 | J21: 4 | K21: =+I21+J21 -> 6 | L21: =IF(K21<=4,"BAJO",IF(K21=5,"MEDIO",IF(K21=6,"ALTO",IF(K21=7,"ALTO","EXTREMO")))) -> ALTO
B22: SELECCIÓN | C22: Falta de claridad en la elaboración de los actos administrativos | H22: Ambiguedad de los términos, errores en la ejecución de estos, dificultad en la exigibilidad, resistencia al cumplimiento, demandas, nulidad de los actos, dificultad de seguimiento, sanciones e investigaciones por parte de los órganos de control, imposibilidad de solictar garantías y dificultad para cerrar los contratos. | I22: 2 | J22: 3 | K22: =+I22+J22 -> 5 | L22: =IF(K22<=4,"BAJO",IF(K22=5,"MEDIO",IF(K22=6,"ALTO",IF(K22=7,"ALTO","EXTREMO")))) -> MEDIO
B23: SELECCIÓN | C23: Contestación inoportuna a todas las observaciones formuladas a los documentos de la contratación | H23: Postergación en las etapas del proceso, perdida de credibilidad entre los oferentes, demoras en la ejecución del contrato, desicentivo de la participación, reducción de la competencia, desigualdad entre los oferentes, impugnación y anulación del proceso, afectación del presupuesto, dificultades durante la ejecuión y sanciones de los órganos de control. | I23: 1 | J23: 3 | K23: =+I23+J23 -> 4 | L23: =IF(K23<=4,"BAJO",IF(K23=5,"MEDIO",IF(K23=6,"ALTO",IF(K23=7,"ALTO","EXTREMO")))) -> BAJO
B24: SELECCIÓN | C24: Declaratoria de desierta del Proceso de selección | H24: Incumplimiento en la satisfacción de las necesidades de la entidad. Incumplimiento de las metas propuestas por la entidad. | I24: 1 | J24: 4 | K24: =+I24+J24 -> 5 | L24: =IF(K24<=4,"BAJO",IF(K24=5,"MEDIO",IF(K24=6,"ALTO",IF(K24=7,"ALTO","EXTREMO")))) -> MEDIO
B25: SELECCIÓN | C25: Selección de contratista que no cuente con la capacidad financiera y/o técnica y/o jurídicas necesarias para la ejecución del contrato. | H25: Investigaciones disciplinarias, fiscales y penales. Demandas. Pone en riesgo la adecuada ejecución del contrato. sanciones disciplinarias, fiscales y/o penales. | I25: 2 | J25: 4 | K25: =+I25+J25 -> 6 | L25: =IF(K25<=4,"BAJO",IF(K25=5,"MEDIO",IF(K25=6,"ALTO",IF(K25=7,"ALTO","EXTREMO")))) -> ALTO
B26: SELECCIÓN | C26: Aceptación viciada por error | H26: Demandas Investigaciones disciplinarias, fiscales y penales | I26: 1 | J26: 1 | K26: =+I26+J26 -> 2 | L26: =IF(K26<=4,"BAJO",IF(K26=5,"MEDIO",IF(K26=6,"ALTO",IF(K26=7,"ALTO","EXTREMO")))) -> BAJO
B27: CONTRATACIÓN | C27: Riesgo de que no se firme el contrato. | H27: Incumplimiento preuspuestal, pérdida de oportunidades estratégicas, reasignación de recursos, costos adicionales con posible pérdidad de condiciones favorables, demandas, conflictos contractuales, perdida de confianza en los oferentes, necesidad de reiniciar el proyecto, responsabilidad administrativa o penal. | I27: 1 | J27: 3 | K27: =+I27+J27 -> 4 | L27: =IF(K27<=4,"BAJO",IF(K27=5,"MEDIO",IF(K27=6,"ALTO",IF(K27=7,"ALTO","EXTREMO")))) -> BAJO
B28: CONTRATACIÓN | C28: Falta de constitución o constitución tardía de la garantía única. Aceptación de garantías que no se ajustan a lo contemplado en el contrato | H28: Desequilibrio financiero, incapacidad para reclamaar daños, mayor probabilidad de incumplimiento del contratista, nulidad del contrato, sanciones y multas, riesgo de insolvencia del garante, dificultades legales para el cumplimiento de la garantía, competencia desleal, falta de respeto para ejecutar correcciones, dificultad para exigir responsabilidades, disputas contractuales y riesgo de terminación temprana del contrato. | I28: 1 | J28: 4 | K28: =+I28+J28 -> 5 | L28: =IF(K28<=4,"BAJO",IF(K28=5,"MEDIO",IF(K28=6,"ALTO",IF(K28=7,"ALTO","EXTREMO")))) -> MEDIO
B29: CONTRATACIÓN | C29: Falta de solicitud o solicitud tardía del registro presupuestal | H29: Retrasos en el cronograma, inhabilidad para comprometer recursos, riesgo de nulidad del contrato, sanciones, desajustes en la ejecución presupuestal, impacto en la liquidez del contratista, costos adicionales, reprocesos, percpeción de ineficiencia administrativa, reclamaciones, mutlas o sanciones, afectación en la calidad, riesgo de responsabilidad de administrativa. | I29: 1 | J29: 2 | K29: =+I29+J29 -> 3 | L29: =IF(K29<=4,"BAJO",IF(K29=5,"MEDIO",IF(K29=6,"ALTO",IF(K29=7,"ALTO","EXTREMO")))) -> BAJO
... B52: EJECUCIÓN | C52: Deterioro de las condiciones de seguridad y orden público que impidan el transporte de los funcionarios o el aplazamiento de recorridos | H52: Suspensión o aplazamiento de actividades, gastos adicionales de seguridad, demora en el cronograma, paralización de eventos, peligro para la vida y salud de los funcionarios, dificultades de acceso a la zonas de ejecución del contrato, reajuste de términos contractuales, penalidades por incumplimiento, percpeción pública negativa, | I52: 3 | J52: 2 | K52: =+I52+J52 -> 5 | L52: =IF(K52<=4,"BAJO",IF(K52=5,"MEDIO",IF(K52=6,"ALTO",IF(K52=7,"ALTO","EXTREMO")))) -> MEDIO
B55: Probabilidad | C55: Catagoria | E55: Valoración | G55: Impacto | H55: Categoria | I55: Valoración
C56: Raro (puede ocurrir excepcionalmente) | E56: 1 | H56: Insignificante | I56: 1
C57: Improbable (puede ocurrir ocasionalmente) | E57: 2 | H57: Menor | I57: 2
C58: Posible (puede ocurrir en cualquier momento futuro) | E58: 3 | H58: Moderado | I58: 3
C59: Probable (probablemente va a ocurrir) | E59: 4 | H59: Mayor | I59: 4
C60: Casi cierto (ocurre en la mayoria de circunstancias) | E60: 5 | H60: Catastrófico | I60: 5
C62: Valoración del Riesgo
C63: Calificación Cualitativa | F63: Obstruye la ejecución del contrato de manera intrascendente. | G63: Dificulta la ejecución del contrato de manera baja, aplicando medidas mínimas se pueden lograr el objeto contractual | H63: Afecta la ejecución del contrato sin alterar el beneficio para las partes | I63: Obstruye la ejecución del contrato sustancialmente pero aun así permite la consecución del objeto contractual | K63: Perturba la ejecución del contrato de manera grave imposibilitando la consecución del objeto contractual.
C64: Calificación Monetaria | F64: Los sobrecostos no representan más del uno por ciento (1%) del valor del contrato. | G64: Los sobrecostos no representan más del cinco por ciento (5%) del valor del contrato. | H64: Genera un impacto sobre el valor del contrato entre el cinco (5%) y el quince por ciento (15%). | I64: Incrementa el valor del contrato entre el quince (15%) y el treinta por ciento (30%). | K64: Impacto sobre el valor del contrato en más del treinta por ciento (30%).
C65: Categoría | E65: Valoración | F65: Insignificante | G65: Menor | H65: Moderado | I65: Mayor | K65: Catastrófico
F66: 1 | G66: 2 | H66: 3 | I66: 4 | K66: 5
C67: Raro (puede ocurrir excepcionalmente) | E67: 1 | F67: 2 | G67: 3 | H67: 4 | I67: 5 | K67: 6
C68: Improbable (puede ocurrir ocasionalmente) | E68: 2 | F68: 3 | G68: 4 | H68: 5 | I68: 6 | K68: 7
C69: Posible (puede ocurrir en cualquier momento futuro) | E69: 3 | F69: 4 | G69: 5 | H69: 6 | I69: 7 | K69: 8
C70: Probable (probablemente va a ocurrir) | E70: 4 | F70: 5 | G70: 6 | H70: 7 | I70: 8 | K70: 9
C71: Casi cierto (ocurre en la mayoria de circunstancias) | E71: 5 | F71: 6 | G71: 7 | H71: 8 | I71: 9 | K71: 10
G73: Categoria del Riesgo
G74: Valoración del Riesgo | H74: Categoría
G75: 8, 9 y 10 | H75: Riesgo extremo
G76: 6 y 7 | H76: Riesgo alto
G77: 5 | H77: Riesgo medio
G78: 2, 3 y 4 | H78: Riesgo bajo
B83: Cualitativa
B84: Monetaria

Sheet EVALUACION CON CONTROLES
C2: MATRIZ DE RIESGOS DE CONTRATACIÓN | Q2: Código: GCO-GCI-F164 Versión: 02 Vigencia: 01 de diciembre de 2022 Caso HOLA: 280117
B6: =+EVALUACION!B6 -> Prestar los servicios logísticos para apoyar la planeación, organización y realización de las actividades y eventos culturales, artísticos y comunitarios que se desarrollen en la localidad de Puente Aranda
B7: INSTRUCCIONES PARA LA IDENTIFICACIÓN, ANALISIS, EVALUACIÓN , ASIGNACIÓN Y TRATAMIENTO DE RIESGOS EN LA CONTRATACIÓN
B8: 1) Describa el tratamiento/controles a ser implementados
B9: 2) Diligencie la información de las siguientes columnas, de acuerdo con el análisis realizado a cada riesgo: Afecta el equilibrio económico, persona responsable de implementar el tratamiento, fecha estimada de inicio del tratamiento, fecha estimada en la que se completa el tratamiento, cómo se realiza el monitoreo y la periodicidad.
B10: 3) Continúe en la hoja de "ASIGNACIÓN Y TRATAMIENTO" y diligencie las siguientes casillas: A quien se le asigna y el porcentaje que asume cada una de las partes en caso de que sea compartido.
B15: ETAPA | C15: Descripción (Que puede pasar y, cómo puede ocurrir) | G15: Tratamiento/Controles a ser implementados | I15: Probabilidad de Ocurrencia | J15: Impacto | K15: Calificación Total | L15: Prioridad | M15: ¿Afecta el equilibrio económico del contrato? | N15: Persona responsable por implementar el tratamiento | O15: Fecha estimada en que se inicia el tratamiento | P15: Fecha estimada en que se completa el tratamiento | Q15: ¿Cómo se realiza el monitoreo? | R15: Periodicidad ¿Cuándo?
B16: =+EVALUACION!B17 -> PLANEACIÓN | C16: =+EVALUACION!C17 -> Inadecuada escogencia de la tipología de contratación | G16: (1) Los profesionales de planeación y contratación designados por el Alcalde Local, (2) antes de iniciar la formulación del estudio previo, (3) se reuniurán y de acuerdo con las características del objeto y especificicaciones técnicas, así como la cuantía, definirán la tipología y modalidad de contratación. (4) Como evidencia de la ejecución del control quedarán las actas de reunión correspondientes. | I16: =+EVALUACION!I17 -> 1 | J16: =+EVALUACION!J17 -> 3 | K16: =+I16+J16 -> 4 | L16: =IF(K16<=4,"BAJO",IF(K16=5,"MEDIO",IF(K16=6,"ALTO",IF(K16=7,"ALTO","EXTREMO")))) -> BAJO | M16: NO | N16: Los profesionales de planeación y contratación designados por el Alcalde Local | O16: antes de iniciar la formulación del estudio previo | P16: Al momento de iniciar la formulación del estudio previo | Q16: Revisión documental de la evidencia establecida en el tratamiento/control | R16: Aantes de iniciar la formulación del estudio previo
B17: =+EVALUACION!B18 -> PLANEACIÓN | C17: =+EVALUACION!C18 -> Requisitos ponderantes inapropiados para el proceso de selección | G17: (1) Los profesionales designados por el Alcalde Local, (2) antes de enviar los estudios previos al comité de contratación, (3) realizarán una revisión integral a los documentos de los estudios previos para garantizar coherencia técnica y legal. (4) Como evidencia de la ejecución del control quedarán las comunicaciones con las revisiones realizadas. | I17: =+EVALUACION!I18 -> 1 | J17: =+EVALUACION!J18 -> 3 | K17: =+I17+J17 -> 4 | L17: =IF(K17<=4,"BAJO",IF(K17=5,"MEDIO",IF(K17=6,"ALTO",IF(K17=7,"ALTO","EXTREMO")))) -> BAJO | M17: NO | N17: Los profesionales designados por el Alcalde Local | O17: Antes de enviar los estudios previos al comité de contratación | P17: Al remitirse los documentos al comité de contratación | Q17: Revisión documental de la evidencia establecida en el tratamiento/control | R17: Durante la formulación de los pliegos.
B18: =+EVALUACION!B19 -> SELECCIÓN | C18: =+EVALUACION!C19 -> Suspensión del Proceso de selección | G18: (1) El abogado de contratación designado por el Alcalde Local, (2) durante la etapa de selección del proceso de contratación (3) hará un seguimiento jurídico integral al proceso de selección. En caso que se evidencie alguna situación problemática que amenace con una suspensión del proceso de contratación se le notificará al Alcalde Local para determinar el paso a seguir. (4) Como evidencia de la ejecución del control quedarán las comunicaciones realizadas. | I18: =+EVALUACION!I19 -> 1 | J18: =+EVALUACION!J19 -> 5 | K18: =+I18+J18 -> 6 | L18: =IF(K18<=4,"BAJO",IF(K18=5,"MEDIO",IF(K18=6,"ALTO",IF(K18=7,"ALTO","EXTREMO")))) -> ALTO | M18: NO | N18: El abogado de contratación designado por el Alcalde Local | O18: Durante la etapa de selección del proceso de contratación | P18: Al finalizar la etapa de selección del proceso de contratación | Q18: Revisión documental de la evidencia establecida en el tratamiento/control | R18: Durante la etapa de selección del proceso de contratación
B19: =+EVALUACION!B20 -> SELECCIÓN | C19: =+EVALUACION!C20 -> Inadecuada evaluación de las ofertas y/o verificación de requisitos habilitantes | G19: (1) El o los profesionales designados por el Alcalde Local, (2) después de que el comité evaluador designado por el Alcalde Local entregue el informe de selección, (3) harán una revisión completa del documento para garantizar que no existan errores. En caso que se evidencie algún error procederán a devolver el informe al comité evaluador para su ajuste. (4) Como evidencia de la ejecución del control quedarán las comunicaciones con las revisiones realizadas. | I19: =+EVALUACION!I20 -> 1 | J19: =+EVALUACION!J20 -> 4 | K19: =+I19+J19 -> 5 | L19: =IF(K19<=4,"BAJO",IF(K19=5,"MEDIO",IF(K19=6,"ALTO",IF(K19=7,"ALTO","EXTREMO")))) -> MEDIO | M19: NO | N19: El o los profesionales designados por el Alcalde Local | O19: Después de que el comité evaluador designado por el Alcalde Local entregue el informe de selección | P19: Antes de la presentación del informe final de evaluación de los oferentes | Q19: Revisión documental de la evidencia establecida en el tratamiento/control | R19: Permanete: durante la etapa de evaluación
B20: =+EVALUACION!B21 -> SELECCIÓN | C20: =+EVALUACION!C21 -> Inadecuado manejo administrativo del proceso contractual | G20: (1) El abogado de contratación designado por el Alcalde Local, (2) durante la etapa de selección del proceso de contratación (3) hará un seguimiento jurídico integral al proceso de selección. En caso que se evidencie alguna situación problemática se le notificará al Alcalde Local para determinar el paso a seguir. (4) Como evidencia de la ejecución del control quedarán las comunicaciones realizadas. | I20: =+EVALUACION!I21 -> 2 | J20: =+EVALUACION!J21 -> 4 | K20: =+I20+J20 -> 6 | L20: =IF(K20<=4,"BAJO",IF(K20=5,"MEDIO",IF(K20=6,"ALTO",IF(K20=7,"ALTO","EXTREMO")))) -> ALTO | M20: NO | N20: El abogado de contratación designado por el Alcalde Local | O20: Etapa de selección | P20: Antes de la selección del contratista | Q20: Revisión documental de la evidencia establecida en el tratamiento/control | R20: Permanete: durante la etapa de evaluación
B21: =+EVALUACION!B22 -> SELECCIÓN | C21: =+EVALUACION!C22 -> Falta de claridad en la elaboración de los actos administrativos | G21: (1) El abogado de contratación designado por el Alcalde Local, (2) durante la etapa de selección del proceso de contratación (3) hará una revisión a los actos administrativos proyectados por el abogado asignado al proceso de contratación. En caso que se evidencie algún error, se procederá a enviar las observaciones al abogado que proyectó el acto administrativo para que corrija. (4) Como evidencia de la ejecución del control quedarán las comunicaciones realizadas. | I21: =+EVALUACION!I22 -> 2 | J21: =+EVALUACION!J22 -> 3 | K21: =+I21+J21 -> 5 | L21: =IF(K21<=4,"BAJO",IF(K21=5,"MEDIO",IF(K21=6,"ALTO",IF(K21=7,"ALTO","EXTREMO")))) -> MEDIO | M21: NO | N21: El abogado de contratación designado por el Alcalde Loca | O21: Con el acto administrativo de apertura del proceso contractual | P21: Al finalizar la etapa de selección con el acto administrativo de adjudicación | Q21: Revisión documental de la evidencia establecida en el tratamiento/control | R21: Permanete: desde la apertura del proceso hasta la adjudicación del contrato
B22: =+EVALUACION!B23 -> SELECCIÓN | C22: =+EVALUACION!C23 -> Contestación inoportuna a todas las observaciones formuladas a los documentos de la contratación | G22: (1) El abogado de contratación designado por el Alcalde Local, (2) durante la etapa de selección del proceso de contratación (3) hará un seguimiento a las observaciones presentadas por los proponentes o interesados garantizando respuesta de fondo y en términos. En caso de evidenciar algún error solicitarán al profesional encargado de responder el respectivo ajuste o que lo haga en los términos de ley. (4) Como evidencia de la ejecución del control quedarán las comunicaciones realizadas. | I22: =+EVALUACION!I23 -> 1 | J22: =+EVALUACION!J23 -> 3 | K22: =+I22+J22 -> 4 | L22: =IF(K22<=4,"BAJO",IF(K22=5,"MEDIO",IF(K22=6,"ALTO",IF(K22=7,"ALTO","EXTREMO")))) -> BAJO | M22: NO | N22: El abogado de contratación designado por el Alcalde Local | O22: Etapa de selección | P22: Antes de la selección del contratista | Q22: Revisión documental de la evidencia establecida en el tratamiento/control | R22: Durante el periodo de observaciones
B23: =+EVALUACION!B24 -> SELECCIÓN | C23: =+EVALUACION!C24 -> Declaratoria de desierta del Proceso de selección | G23: (1) El abogado de contratación designado por el Alcalde Local, (2) durante la etapa de selección del proceso de contratación (3) hará un seguimiento a la validez de las ofertas, y a cualquier situación que pueda inducir al error de los oferentes en la presentación de las ofertas. En caso que se evidencie alguna situación problemática que amenace con una declaratarioa desierta del proceso de contratación se le notificará al Alcalde Local para determinar el paso a seguir. (4) Como evidencia de la ejecución del control quedarán las comunicaciones realizadas. | I23: =+EVALUACION!I24 -> 1 | J23: =+EVALUACION!J24 -> 4 | K23: =+I23+J23 -> 5 | L23: =IF(K23<=4,"BAJO",IF(K23=5,"MEDIO",IF(K23=6,"ALTO",IF(K23=7,"ALTO","EXTREMO")))) -> MEDIO | M23: SI | N23: El abogado de contratación designado por el Alcalde Local | O23: Etapa de selección | P23: Antes de la selección del contratista | Q23: Revisión documental de la evidencia establecida en el tratamiento/control | R23: Durante el periodo de selección
B24: =+EVALUACION!B25 -> SELECCIÓN | C24: =+EVALUACION!C25 -> Selección de contratista que no cuente con la capacidad financiera y/o técnica y/o jurídicas necesarias para la ejecución del contrato. | G24: (1) El o los profesionales designados por el Alcalde Local, (2) después de que el comité evaluador designado por el Alcalde Local entregue el informe de selección, (3) harán una revisión completa del documento para garantizar que no existan errores. En caso que se evidencie algún error procederán a devolver el informe al comité evaluador para su ajuste. (4) Como evidencia de la ejecución del control quedarán las comunicaciones con las revisiones realizadas. | I24: =+EVALUACION!I25 -> 2 | J24: =+EVALUACION!J25 -> 4 | K24: =+I24+J24 -> 6 | L24: =IF(K24<=4,"BAJO",IF(K24=5,"MEDIO",IF(K24=6,"ALTO",IF(K24=7,"ALTO","EXTREMO")))) -> ALTO | M24: SI | N24: El o los profesionales designados por el Alcalde Local | O24: Etapa de Evaluación | P24: Publicación del informe final de evaluación | Q24: Revisión documental de la evidencia establecida en el tratamiento/control | R24: Etapa de evaluación
B25: =+EVALUACION!B26 -> SELECCIÓN | C25: =+EVALUACION!C26 -> Aceptación viciada por error | G25: (1) El abogado designado por el Alcalde Local, (2) después de que el comité evaluador designado por el Alcalde Local entregue el informe de selección, (3) hará una revisión completa del documento para garantizar que no existan errores. En caso que se evidencie algún error procederán a devolver el informe al comité evaluador para su ajuste. (4) Como evidencia de la ejecución del control quedarán las comunicaciones con las revisiones realizadas. | I25: =+EVALUACION!I26 -> 1 | J25: =+EVALUACION!J26 -> 1 | K25: =+I25+J25 -> 2 | L25: =IF(K25<=4,"BAJO",IF(K25=5,"MEDIO",IF(K25=6,"ALTO",IF(K25=7,"ALTO","EXTREMO")))) -> BAJO | M25: SI | N25: El abogado designado por el Alcalde Local | O25: Etapa de evaluación | P25: Publicación del informe final de evaluación | Q25: Revisión documental de la evidencia establecida en el tratamiento/control | R25: Etapa de evaluación.
B26: =+EVALUACION!B27 -> CONTRATACIÓN | C26: =+EVALUACION!C27 -> Riesgo de que no se firme el contrato. | G26: (1) El abogado designado por el Alcalde Local, (2) después de la adjudicación del contrato, (3) Se comunicará con el proponente ganador para coordinar la firma del contrato. Si en un plazo razonable este se niega a la firma del contrato, se le informará al Alcalde Local para que se haga efectiva la póliza de seriedad de la oferta. (4) Como evidencia de la ejecución del control quedarán las comunicaciones realizadas. | I26: =+EVALUACION!I27 -> 1 | J26: =+EVALUACION!J27 -> 3 | K26: =+I26+J26 -> 4 | L26: =IF(K26<=4,"BAJO",IF(K26=5,"MEDIO",IF(K26=6,"ALTO",IF(K26=7,"ALTO","EXTREMO")))) -> BAJO | M26: SI | N26: El abogado designado por el Alcalde Local | O26: Al momento de adjudicar el contrato | P26: Cuando el contratista firme el contrato | Q26: Revisión documental de la evidencia establecida en el tratamiento/control | R26: Durante la etapa de contratación
B27: =+EVALUACION!B28 -> CONTRATACIÓN | C27: =+EVALUACION!C28 -> Falta de constitución o constitución tardía de la garantía única. Aceptación de garantías que no se ajustan a lo contemplado en el contrato | G27: (1) El abogado designado por el Alcalde Local, (2) después de la firma del contrato, (3) Se comunicará con el contratista para solicitar las presentación de las garantías. Si en un plazo razonable este no presenta las garantías se informará al Alcalde Local para inciar un proceso de incumplimiento contractual. En caso que el contratista presente garantías alteradas/falsas se oficiará a entes de control y a fiscalía. (4) Como evidencia de la ejecución del control quedarán las comunicaciones realizadas. | I27: =+EVALUACION!I28 -> 1 | J27: =+EVALUACION!J28 -> 4 | K27: =+I27+J27 -> 5 | L27: =IF(K27<=4,"BAJO",IF(K27=5,"MEDIO",IF(K27=6,"ALTO",IF(K27=7,"ALTO","EXTREMO")))) -> MEDIO | M27: SI | N27: El abogado designado por el Alcalde Local | O27: Después de la firma del contrato por parte del contratista | P27: Después de aprobar las garantías presentadas por el contratista | Q27: Revisión documental de la evidencia establecida en el tratamiento/control | R27: Durante la etapa de perfeccionamiento
... B51: =+EVALUACION!B52 -> EJECUCIÓN | C51: =+EVALUACION!C52 -> Deterioro de las condiciones de seguridad y orden público que impidan el transporte de los funcionarios o el aplazamiento de recorridos | G51: (1) El apoyo a la supervisión y profesional designado por el contratista, (2) 10 días antes de cada recorrido necesario para la ejecución del contrato (3) realizarán una revisión de las condiciones de seguridad. En caso de que estas sean desfavorables, deberán tomar las medidas de seguridad correspondientes como pedir acompañamiento de la Policía o postergar el recorrido hasta que la situación se normalice. (4) Como evidencia de la ejecución del control quedará el formato GDI-GPD-F029 Formato evidencia de reunión y comunicaciones realizadas. | I51: =+EVALUACION!I52 -> 3 | J51: =+EVALUACION!J52 -> 2 | K51: =+I51+J51 -> 5 | L51: =IF(K51<=4,"BAJO",IF(K51=5,"MEDIO",IF(K51=6,"ALTO",IF(K51=7,"ALTO","EXTREMO")))) -> MEDIO | M51: SI | N51: El apoyo a la supervisión y profesional designado por el contratista | O51: Durante la ejecución del contrato | P51: Cierre o liquidación del contrato | Q51: Revisión documental de la evidencia establecida en el tratamiento/control | R51: 10 días antes de cada recorrido
C54: Categoria del Riesgo | H54: Impacto del Riesgo
B55: Probabilidad | C55: Catagoria | F55: Valoración | H55: Categoria | J55: Valoración | N55: Categoria del Riesgo
C56: Raro (puede ocurrir excepcionalmente) | F56: 1 | H56: Insignificante | J56: 1 | N56: Valoración del Riesgo | P56: Categoría
C57: Improbable (puede ocurrir ocasionalmente) | F57: 2 | H57: Menor | J57: 2 | N57: 8, 9 y 10 | P57: Riesgo extremo
C58: Posible (puede ocurrir en cualquier momento futuro) | F58: 3 | H58: Moderado | J58: 3 | N58: 6 y 7 | P58: Riesgo alto
C59: Probable (probablemente va a ocurrir) | F59: 4 | H59: Mayor | J59: 4 | N59: 5 | P59: Riesgo medio
C60: Casi cierto (ocurre en la mayoria de circunstancias) | F60: 5 | H60: Catastrófico | J60: 5 | N60: 2, 3 y 4 | P60: Riesgo bajo
C62: Valoración del Riesgo
C63: Calificación Cualitativa | G63: Obstruye la ejecución del contrato de manera intrascendente. | I63: Dificulta la ejecución del contrato de manera baja, aplicando medidas mínimas se pueden lograr el objeto contractual | L63: Afecta la ejecución del contrato sin alterar el beneficio para las partes | N63: Obstruye la ejecución del contrato sustancialmente pero aun así permite la consecución del objeto contractual | P63: Perturba la ejecución del contrato de manera grave imposibilitando la consecución del objeto contractual.
C64: Calificación Monetaria | G64: Los sobrecostos no representan más del uno por ciento (1%) del valor del contrato. | I64: Los sobrecostos no representan más del cinco por ciento (5%) del valor del contrato. | L64: Genera un impacto sobre el valor del contrato entre el cinco (5%) y el quince por ciento (15%). | N64: Incrementa el valor del contrato entre el quince (15%) y el treinta por ciento (30%). | P64: Impacto sobre el valor del contrato en más del treinta por ciento (30%).
C65: Catagoria | F65: Valoración | G65: Insignificante | I65: Menor | L65: Moderado | N65: Mayor | P65: Catastrófico
G66: 1 | I66: 2 | L66: 3 | N66: 4 | P66: 5
C67: Raro (puede ocurrir excepcionalmente) | F67: 1 | G67: 2 | I67: 3 | L67: 4 | N67: 5 | P67: 6
C68: Improbable (puede ocurrir ocasionalmente) | F68: 2 | G68: 3 | I68: 4 | L68: 5 | N68: 6 | P68: 7
C69: Posible (puede ocurrir en cualquier momento futuro) | F69: 3 | G69: 4 | I69: 5 | L69: 6 | N69: 7 | P69: 8
C70: Probable (probablemente va a ocurrir) | F70: 4 | G70: 5 | I70: 6 | L70: 7 | N70: 8 | P70: 9
C71: Casi cierto (ocurre en la mayoria de circunstancias) | F71: 5 | G71: 6 | I71: 7 | L71: 8 | N71: 9 | P71: 10

Sheet ASIGNACION Y TRATAMIENTO
C2: MATRIZ DE RIESGOS DE CONTRATACIÓN | W2: Código: GCO-GCI-F164 Versión: 02 Vigencia: 01 de diciembre de 2022 Caso HOLA: 280117
B6: =+EVALUACION!B6 -> Prestar los servicios logísticos para apoyar la planeación, organización y realización de las actividades y eventos culturales, artísticos y comunitarios que se desarrollen en la localidad de Puente Aranda
B7: Esta matriz es un documento anexo del Estudio Previo
B10: No | C10: Descripción (Que puede pasar y, cómo puede ocurrir) | D10: Etapa | E10: Clase | F10: Fuente | G10: Consecuencias de la ocurrencia del evento | H10: Probabilidad | I10: Impacto | J10: Calificación total | K10: Prioridad | L10: ¿A quien se le asigna? | M10: % | N10: Tratamiento/Controles a ser implementados | O10: Probabilidad | P10: Impacto | Q10: Calificación total | R10: Prioridad | S10: ¿Afecta el equilibrio económico del contrato? | T10: Persona responsable por implementar el tratamiento | U10: Fecha estimada en que se inicia el tratamiento | V10: Fecha estimada en que se completa el tratamiento | W10: ¿Cómo se realiza el monitoreo | X10: Periodicidad ¿Cuándo?
B11: 1 | C11: {=+'EVALUACION CON CONTROLES'!C16:F16} -> Inadecuada escogencia de la tipología de contratación | D11: 0 | E11: 0 | F11: 0 | G11: =+EVALUACION!H17 -> Retrasos en la ejecución, dificultades en la asignación de recursos, claúsulas deficientes, demandas, litigios, percepción negativa de la gestión pública. | H11: =+EVALUACION!I17 -> 1 | I11: =+EVALUACION!J17 -> 3 | J11: =+EVALUACION!K17 -> 4 | K11: =+EVALUACION!L17 -> BAJO | L11: SDG | M11: 1 | N11: =+'EVALUACION CON CONTROLES'!G16 -> (1) Los profesionales de planeación y contratación designados por el Alcalde Local, (2) antes de iniciar la formulación del estudio previo, (3) se reuniurán y de acuerdo con las características del objeto y especificicaciones técnicas, así como la cuantía, definirán la tipología y modalidad de contratación. (4) Como evidencia de la ejecución del control quedarán las actas de reunión correspondientes. | O11: =+'EVALUACION CON CONTROLES'!I16 -> 1 | P11: =+'EVALUACION CON CONTROLES'!J16 -> 3 | Q11: =+'EVALUACION CON CONTROLES'!K16 -> 4 | R11: =+'EVALUACION CON CONTROLES'!L16 -> BAJO | S11: =+'EVALUACION CON CONTROLES'!M16 -> NO | T11: =+'EVALUACION CON CONTROLES'!N16 -> Los profesionales de planeación y contratación designados por el Alcalde Local | U11: =+'EVALUACION CON CONTROLES'!O16 -> antes de iniciar la formulación del estudio previo | V11: =+'EVALUACION CON CONTROLES'!P16 -> Al momento de iniciar la formulación del estudio previo | ... X11: =+'EVALUACION CON CONTROLES'!R16 -> Aantes de iniciar la formulación del estudio previo
B12: 2 | C12: {=+'EVALUACION CON CONTROLES'!C17:F17} -> Requisitos ponderantes inapropiados para el proceso de selección | D12: 0 | E12: 0 | F12: 0 | G12: =+EVALUACION!H18 -> Contratistas seleccionados no cualificados, prioridad a facotres irrelevantes, baja calidad en el proyecto, exclusión de oferentes adecuados, ventajas sobre oferentes inadecuados, incumplimiento normativo y corrupción. | H12: =+EVALUACION!I18 -> 1 | I12: =+EVALUACION!J18 -> 3 | J12: =+EVALUACION!K18 -> 4 | K12: =+EVALUACION!L18 -> BAJO | L12: SDG | M12: 1 | N12: =+'EVALUACION CON CONTROLES'!G17 -> (1) Los profesionales designados por el Alcalde Local, (2) antes de enviar los estudios previos al comité de contratación, (3) realizarán una revisión integral a los documentos de los estudios previos para garantizar coherencia técnica y legal. (4) Como evidencia de la ejecución del control quedarán las comunicaciones con las revisiones realizadas. | O12: =+'EVALUACION CON CONTROLES'!I17 -> 1 | P12: =+'EVALUACION CON CONTROLES'!J17 -> 3 | Q12: =+'EVALUACION CON CONTROLES'!K17 -> 4 | R12: =+'EVALUACION CON CONTROLES'!L17 -> BAJO | S12: =+'EVALUACION CON CONTROLES'!M17 -> NO | T12: =+'EVALUACION CON CONTROLES'!N17 -> Los profesionales designados por el Alcalde Local | U12: =+'EVALUACION CON CONTROLES'!O17 -> Antes de enviar los estudios previos al comité de contratación | V12: =+'EVALUACION CON CONTROLES'!P17 -> Al remitirse los documentos al comité de contratación | ... X12: =+'EVALUACION CON CONTROLES'!R17 -> Durante la formulación de los pliegos.
B13: 3 | C13: {=+'EVALUACION CON CONTROLES'!C18:F18} -> Suspensión del Proceso de selección | D13: 0 | E13: 0 | F13: 0 | G13: =+EVALUACION!H19 -> Retraso en el cumplimiento de las metas de la entidad, demora en el cronograma, sobrecostos, reprocesios, aparación de impugnaciones, desconfianza en futuras contrataciones, deserción de oferentes, problemas en la asignación de recursos, afectaciones en la comunidad, | H13: =+EVALUACION!I19 -> 1 | I13: =+EVALUACION!J19 -> 5 | J13: =+EVALUACION!K19 -> 6 | K13: =+EVALUACION!L19 -> ALTO | L13: SDG | M13: 1 | N13: =+'EVALUACION CON CONTROLES'!G18 -> (1) El abogado de contratación designado por el Alcalde Local, (2) durante la etapa de selección del proceso de contratación (3) hará un seguimiento jurídico integral al proceso de selección. En caso que se evidencie alguna situación problemática que amenace con una suspensión del proceso de contratación se le notificará al Alcalde Local para determinar el paso a seguir. (4) Como evidencia de la ejecución del control quedarán las comunicaciones realizadas. | O13: =+'EVALUACION CON CONTROLES'!I18 -> 1 | P13: =+'EVALUACION CON CONTROLES'!J18 -> 5 | Q13: =+'EVALUACION CON CONTROLES'!K18 -> 6 | R13: =+'EVALUACION CON CONTROLES'!L18 -> ALTO | S13: =+'EVALUACION CON CONTROLES'!M18 -> NO | T13: =+'EVALUACION CON CONTROLES'!N18 -> El abogado de contratación designado por el Alcalde Local | U13: =+'EVALUACION CON CONTROLES'!O18 -> Durante la etapa de selección del proceso de contratación | V13: =+'EVALUACION CON CONTROLES'!P18 -> Al finalizar la etapa de selección del proceso de contratación | ... X13: =+'EVALUACION CON CONTROLES'!R18 -> Durante la etapa de selección del proceso de contratación
B14: 4 | C14: {=+'EVALUACION CON CONTROLES'!C19:F19} -> Inadecuada evaluación de las ofertas y/o verificación de requisitos habilitantes | D14: 0 | E14: 0 | F14: 0 | G14: =+EVALUACION!H20 -> Selección de un proveedor inadecuado, desestimación de ofertas competitivas, ejecución del proyecto con baja calidad, costos incurrido por ineficiencia o incumplimiento, rescición de contratos, investigación por parte de entes de control, inhablitiación o multas, dificultades en la supervisión, modificaciones contractuales frecuentes, impacto negativo en la comunidad. | H14: =+EVALUACION!I20 -> 1 | I14: =+EVALUACION!J20 -> 4 | J14: =+EVALUACION!K20 -> 5 | K14: =+EVALUACION!L20 -> MEDIO | L14: SDG | M14: 1 | N14: =+'EVALUACION CON CONTROLES'!G19 -> (1) El o los profesionales designados por el Alcalde Local, (2) después de que el comité evaluador designado por el Alcalde Local entregue el informe de selección, (3) harán una revisión completa del documento para garantizar que no existan errores. En caso que se evidencie algún error procederán a devolver el informe al comité evaluador para su ajuste. (4) Como evidencia de la ejecución del control quedarán las comunicaciones con las revisiones realizadas. | O14: =+'EVALUACION CON CONTROLES'!I19 -> 1 | P14: =+'EVALUACION CON CONTROLES'!J19 -> 4 | Q14: =+'EVALUACION CON CONTROLES'!K19 -> 5 | R14: =+'EVALUACION CON CONTROLES'!L19 -> MEDIO | S14: =+'EVALUACION CON CONTROLES'!M19 -> NO | T14: =+'EVALUACION CON CONTROLES'!N19 -> El o los profesionales designados por el Alcalde Local | U14: =+'EVALUACION CON CONTROLES'!O19 -> Después de que el comité evaluador designado por el Alcalde Local entregue el informe de selección | V14: =+'EVALUACION CON CONTROLES'!P19 -> Antes de la presentación del informe final de evaluación de los oferentes | ... X14: =+'EVALUACION CON CONTROLES'!R19 -> Permanete: durante la etapa de evaluación
B15: 5 | C15: {=+'EVALUACION CON CONTROLES'!C20:F20} -> Inadecuado manejo administrativo del proceso contractual | D15: 0 | E15: 0 | F15: 0 | G15: =+EVALUACION!H21 -> Retrasos en los tiempos de entrega y aprobaciones, sobrecostos por retrasos y recargos administrativos, corrupción, falta de trazabilidad en los procesos, multas, sanciones o demandas, no se puede hacer efectiva la garantía del proyecto, pago injustificados, decisiones inadeacuada al objeto del contrato, investigaciones o sanciones por parte de los entes de control, | H15: =+EVALUACION!I21 -> 2 | I15: =+EVALUACION!J21 -> 4 | J15: =+EVALUACION!K21 -> 6 | K15: =+EVALUACION!L21 -> ALTO | L15: SDG | M15: 1 | N15: =+'EVALUACION CON CONTROLES'!G20 -> (1) El abogado de contratación designado por el Alcalde Local, (2) durante la etapa de selección del proceso de contratación (3) hará un seguimiento jurídico integral al proceso de selección. En caso que se evidencie alguna situación problemática se le notificará al Alcalde Local para determinar el paso a seguir. (4) Como evidencia de la ejecución del control quedarán las comunicaciones realizadas. | O15: =+'EVALUACION CON CONTROLES'!I20 -> 2 | P15: =+'EVALUACION CON CONTROLES'!J20 -> 4 | Q15: =+'EVALUACION CON CONTROLES'!K20 -> 6 | R15: =+'EVALUACION CON CONTROLES'!L20 -> ALTO | S15: =+'EVALUACION CON CONTROLES'!M20 -> NO | T15: =+'EVALUACION CON CONTROLES'!N20 -> El abogado de contratación designado por el Alcalde Local | U15: =+'EVALUACION CON CONTROLES'!O20 -> Etapa de selección | V15: =+'EVALUACION CON CONTROLES'!P20 -> Antes de la selección del contratista | ... X15: =+'EVALUACION CON CONTROLES'!R20 -> Permanete: durante la etapa de evaluación
B16: 6 | C16: {=+'EVALUACION CON CONTROLES'!C21:F21} -> Falta de claridad en la elaboración de los actos administrativos | D16: 0 | E16: 0 | F16: 0 | G16: =+EVALUACION!H22 -> Ambiguedad de los términos, errores en la ejecución de estos, dificultad en la exigibilidad, resistencia al cumplimiento, demandas, nulidad de los actos, dificultad de seguimiento, sanciones e investigaciones por parte de los órganos de control, imposibilidad de solictar garantías y dificultad para cerrar los contratos. | H16: =+EVALUACION!I22 -> 2 | I16: =+EVALUACION!J22 -> 3 | J16: =+EVALUACION!K22 -> 5 | K16: =+EVALUACION!L22 -> MEDIO | L16: SDG | M16: 1 | N16: =+'EVALUACION CON CONTROLES'!G21 -> (1) El abogado de contratación designado por el Alcalde Local, (2) durante la etapa de selección del proceso de contratación (3) hará una revisión a los actos administrativos proyectados por el abogado asignado al proceso de contratación. En caso que se evidencie algún error, se procederá a enviar las observaciones al abogado que proyectó el acto administrativo para que corrija. (4) Como evidencia de la ejecución del control quedarán las comunicaciones realizadas. | O16: =+'EVALUACION CON CONTROLES'!I21 -> 2 | P16: =+'EVALUACION CON CONTROLES'!J21 -> 3 | Q16: =+'EVALUACION CON CONTROLES'!K21 -> 5 | R16: =+'EVALUACION CON CONTROLES'!L21 -> MEDIO | S16: =+'EVALUACION CON CONTROLES'!M21 -> NO | T16: =+'EVALUACION CON CONTROLES'!N21 -> El abogado de contratación designado por el Alcalde Loca | U16: =+'EVALUACION CON CONTROLES'!O21 -> Con el acto administrativo de apertura del proceso contractual | V16: =+'EVALUACION CON CONTROLES'!P21 -> Al finalizar la etapa de selección con el acto administrativo de adjudicación | ... X16: =+'EVALUACION CON CONTROLES'!R21 -> Permanete: desde la apertura del proceso hasta la adjudicación del contrato
B17: 7 | C17: {=+'EVALUACION CON CONTROLES'!C22:F22} -> Contestación inoportuna a todas las observaciones formuladas a los documentos de la contratación | D17: 0 | E17: 0 | F17: 0 | G17: =+EVALUACION!H23 -> Postergación en las etapas del proceso, perdida de credibilidad entre los oferentes, demoras en la ejecución del contrato, desicentivo de la participación, reducción de la competencia, desigualdad entre los oferentes, impugnación y anulación del proceso, afectación del presupuesto, dificultades durante la ejecuión y sanciones de los órganos de control. | H17: =+EVALUACION!I23 -> 1 | I17: =+EVALUACION!J23 -> 3 | J17: =+EVALUACION!K23 -> 4 | K17: =+EVALUACION!L23 -> BAJO | L17: SDG | M17: 1 | N17: =+'EVALUACION CON CONTROLES'!G22 -> (1) El abogado de contratación designado por el Alcalde Local, (2) durante la etapa de selección del proceso de contratación (3) hará un seguimiento a las observaciones presentadas por los proponentes o interesados garantizando respuesta de fondo y en términos. En caso de evidenciar algún error solicitarán al profesional encargado de responder el respectivo ajuste o que lo haga en los términos de ley. (4) Como evidencia de la ejecución del control quedarán las comunicaciones realizadas. | O17: =+'EVALUACION CON CONTROLES'!I22 -> 1 | P17: =+'EVALUACION CON CONTROLES'!J22 -> 3 | Q17: =+'EVALUACION CON CONTROLES'!K22 -> 4 | R17: =+'EVALUACION CON CONTROLES'!L22 -> BAJO | S17: =+'EVALUACION CON CONTROLES'!M22 -> NO | T17: =+'EVALUACION CON CONTROLES'!N22 -> El abogado de contratación designado por el Alcalde Local | U17: =+'EVALUACION CON CONTROLES'!O22 -> Etapa de selección | V17: =+'EVALUACION CON CONTROLES'!P22 -> Antes de la selección del contratista | ... X17: =+'EVALUACION CON CONTROLES'!R22 -> Durante el periodo de observaciones
B18: 8 | C18: {=+'EVALUACION CON CONTROLES'!C23:F23} -> Declaratoria de desierta del Proceso de selección | D18: 0 | E18: 0 | F18: 0 | G18: =+EVALUACION!H24 -> Incumplimiento en la satisfacción de las necesidades de la entidad. Incumplimiento de las metas propuestas por la entidad. | H18: =+EVALUACION!I24 -> 1 | I18: =+EVALUACION!J24 -> 4 | J18: =+EVALUACION!K24 -> 5 | K18: =+EVALUACION!L24 -> MEDIO | L18: SDG | M18: 1 | N18: =+'EVALUACION CON CONTROLES'!G23 -> (1) El abogado de contratación designado por el Alcalde Local, (2) durante la etapa de selección del proceso de contratación (3) hará un seguimiento a la validez de las ofertas, y a cualquier situación que pueda inducir al error de los oferentes en la presentación de las ofertas. En caso que se evidencie alguna situación problemática que amenace con una declaratarioa desierta del proceso de contratación se le notificará al Alcalde Local para determinar el paso a seguir. (4) Como evidencia de la ejecución del control quedarán las comunicaciones realizadas. | O18: =+'EVALUACION CON CONTROLES'!I23 -> 1 | P18: =+'EVALUACION CON CONTROLES'!J23 -> 4 | Q18: =+'EVALUACION CON CONTROLES'!K23 -> 5 | R18: =+'EVALUACION CON CONTROLES'!L23 -> MEDIO | S18: =+'EVALUACION CON CONTROLES'!M23 -> SI | T18: =+'EVALUACION CON CONTROLES'!N23 -> El abogado de contratación designado por el Alcalde Local | U18: =+'EVALUACION CON CONTROLES'!O23 -> Etapa de selección | V18: =+'EVALUACION CON CONTROLES'!P23 -> Antes de la selección del contratista | ... X18: =+'EVALUACION CON CONTROLES'!R23 -> Durante el periodo de selección
B19: 9 | C19: {=+'EVALUACION CON CONTROLES'!C24:F24} -> Selección de contratista que no cuente con la capacidad financiera y/o técnica y/o jurídicas necesarias para la ejecución del contrato. | D19: 0 | E19: 0 | F19: 0 | G19: =+EVALUACION!H25 -> Investigaciones disciplinarias, fiscales y penales. Demandas. Pone en riesgo la adecuada ejecución del contrato. sanciones disciplinarias, fiscales y/o penales. | H19: =+EVALUACION!I25 -> 2 | I19: =+EVALUACION!J25 -> 4 | J19: =+EVALUACION!K25 -> 6 | K19: =+EVALUACION!L25 -> ALTO | L19: SDG | M19: 1 | N19: =+'EVALUACION CON CONTROLES'!G24 -> (1) El o los profesionales designados por el Alcalde Local, (2) después de que el comité evaluador designado por el Alcalde Local entregue el informe de selección, (3) harán una revisión completa del documento para garantizar que no existan errores. En caso que se evidencie algún error procederán a devolver el informe al comité evaluador para su ajuste. (4) Como evidencia de la ejecución del control quedarán las comunicaciones con las revisiones realizadas. | O19: =+'EVALUACION CON CONTROLES'!I24 -> 2 | P19: =+'EVALUACION CON CONTROLES'!J24 -> 4 | Q19: =+'EVALUACION CON CONTROLES'!K24 -> 6 | R19: =+'EVALUACION CON CONTROLES'!L24 -> ALTO | S19: =+'EVALUACION CON CONTROLES'!M24 -> SI | T19: =+'EVALUACION CON CONTROLES'!N24 -> El o los profesionales designados por el Alcalde Local | U19: =+'EVALUACION CON CONTROLES'!O24 -> Etapa de Evaluación | V19: =+'EVALUACION CON CONTROLES'!P24 -> Publicación del informe final de evaluación | ... X19: =+'EVALUACION CON CONTROLES'!R24 -> Etapa de evaluación
B20: 10 | C20: {=+'EVALUACION CON CONTROLES'!C25:F25} -> Aceptación viciada por error | D20: 0 | E20: 0 | F20: 0 | G20: =+EVALUACION!H26 -> Demandas Investigaciones disciplinarias, fiscales y penales | H20: =+EVALUACION!I26 -> 1 | I20: =+EVALUACION!J26 -> 1 | J20: =+EVALUACION!K26 -> 2 | K20: =+EVALUACION!L26 -> BAJO | L20: SDG | M20: 1 | N20: =+'EVALUACION CON CONTROLES'!G25 -> (1) El abogado designado por el Alcalde Local, (2) después de que el comité evaluador designado por el Alcalde Local entregue el informe de selección, (3) hará una revisión completa del documento para garantizar que no existan errores. En caso que se evidencie algún error procederán a devolver el informe al comité evaluador para su ajuste. (4) Como evidencia de la ejecución del control quedarán las comunicaciones con las revisiones realizadas. | O20: =+'EVALUACION CON CONTROLES'!I25 -> 1 | P20: =+'EVALUACION CON CONTROLES'!J25 -> 1 | Q20: =+'EVALUACION CON CONTROLES'!K25 -> 2 | R20: =+'EVALUACION CON CONTROLES'!L25 -> BAJO | S20: =+'EVALUACION CON CONTROLES'!M25 -> SI | T20: =+'EVALUACION CON CONTROLES'!N25 -> El abogado designado por el Alcalde Local | U20: =+'EVALUACION CON CONTROLES'!O25 -> Etapa de evaluación | V20: =+'EVALUACION CON CONTROLES'!P25 -> Publicación del informe final de evaluación | ... X20: =+'EVALUACION CON CONTROLES'!R25 -> Etapa de evaluación.
B21: 11 | C21: {=+'EVALUACION CON CONTROLES'!C26:F26} -> Riesgo de que no se firme el contrato. | D21: 0 | E21: 0 | F21: 0 | G21: =+EVALUACION!H27 -> Incumplimiento preuspuestal, pérdida de oportunidades estratégicas, reasignación de recursos, costos adicionales con posible pérdidad de condiciones favorables, demandas, conflictos contractuales, perdida de confianza en los oferentes, necesidad de reiniciar el proyecto, responsabilidad administrativa o penal. | H21: =+EVALUACION!I27 -> 1 | I21: =+EVALUACION!J27 -> 3 | J21: =+EVALUACION!K27 -> 4 | K21: =+EVALUACION!L27 -> BAJO | L21: CONTRATISTA Y SDG | M21: 50% - 50% | N21: =+'EVALUACION CON CONTROLES'!G26 -> (1) El abogado designado por el Alcalde Local, (2) después de la adjudicación del contrato, (3) Se comunicará con el proponente ganador para coordinar la firma del contrato. Si en un plazo razonable este se niega a la firma del contrato, se le informará al Alcalde Local para que se haga efectiva la póliza de seriedad de la oferta. (4) Como evidencia de la ejecución del control quedarán las comunicaciones realizadas. | O21: =+'EVALUACION CON CONTROLES'!I26 -> 1 | P21: =+'EVALUACION CON CONTROLES'!J26 -> 3 | Q21: =+'EVALUACION CON CONTROLES'!K26 -> 4 | R21: =+'EVALUACION CON CONTROLES'!L26 -> BAJO | S21: =+'EVALUACION CON CONTROLES'!M26 -> SI | T21: =+'EVALUACION CON CONTROLES'!N26 -> El abogado designado por el Alcalde Local | U21: =+'EVALUACION CON CONTROLES'!O26 -> Al momento de adjudicar el contrato | V21: =+'EVALUACION CON CONTROLES'!P26 -> Cuando el contratista firme el contrato | ... X21: =+'EVALUACION CON CONTROLES'!R26 -> Durante la etapa de contratación
B22: 12 | C22: {=+'EVALUACION CON CONTROLES'!C27:F27} -> Falta de constitución o constitución tardía de la garantía única. Aceptación de garantías que no se ajustan a lo contemplado en el contrato | D22: 0 | E22: 0 | F22: 0 | G22: =+EVALUACION!H28 -> Desequilibrio financiero, incapacidad para reclamaar daños, mayor probabilidad de incumplimiento del contratista, nulidad del contrato, sanciones y multas, riesgo de insolvencia del garante, dificultades legales para el cumplimiento de la garantía, competencia desleal, falta de respeto para ejecutar correcciones, dificultad para exigir responsabilidades, disputas contractuales y riesgo de terminación temprana del contrato. | H22: =+EVALUACION!I28 -> 1 | I22: =+EVALUACION!J28 -> 4 | J22: =+EVALUACION!K28 -> 5 | K22: =+EVALUACION!L28 -> MEDIO | L22: CONTRATISTA | M22: 1 | N22: =+'EVALUACION CON CONTROLES'!G27 -> (1) El abogado designado por el Alcalde Local, (2) después de la firma del contrato, (3) Se comunicará con el contratista para solicitar las presentación de las garantías. Si en un plazo razonable este no presenta las garantías se informará al Alcalde Local para inciar un proceso de incumplimiento contractual. En caso que el contratista presente garantías alteradas/falsas se oficiará a entes de control y a fiscalía. (4) Como evidencia de la ejecución del control quedarán las comunicaciones realizadas. | O22: =+'EVALUACION CON CONTROLES'!I27 -> 1 | P22: =+'EVALUACION CON CONTROLES'!J27 -> 4 | Q22: =+'EVALUACION CON CONTROLES'!K27 -> 5 | R22: =+'EVALUACION CON CONTROLES'!L27 -> MEDIO | S22: =+'EVALUACION CON CONTROLES'!M27 -> SI | T22: =+'EVALUACION CON CONTROLES'!N27 -> El abogado designado por el Alcalde Local | U22: =+'EVALUACION CON CONTROLES'!O27 -> Después de la firma del contrato por parte del contratista | V22: =+'EVALUACION CON CONTROLES'!P27 -> Después de aprobar las garantías presentadas por el contratista | ... X22: =+'EVALUACION CON CONTROLES'!R27 -> Durante la etapa de perfeccionamiento
B23: 13 | C23: {=+'EVALUACION CON CONTROLES'!C28:F28} -> Falta de solicitud o solicitud tardía del registro presupuestal | D23: 0 | E23: 0 | F23: 0 | G23: =+EVALUACION!H29 -> Retrasos en el cronograma, inhabilidad para comprometer recursos, riesgo de nulidad del contrato, sanciones, desajustes en la ejecución presupuestal, impacto en la liquidez del contratista, costos adicionales, reprocesos, percpeción de ineficiencia administrativa, reclamaciones, mutlas o sanciones, afectación en la calidad, riesgo de responsabilidad de administrativa. | H23: =+EVALUACION!I29 -> 1 | I23: =+EVALUACION!J29 -> 2 | J23: =+EVALUACION!K29 -> 3 | K23: =+EVALUACION!L29 -> BAJO | L23: CONTRATISTA | M23: 1 | N23: =+'EVALUACION CON CONTROLES'!G28 -> (1) El abogado de contratación designado por el Alcalde Local y/o en caso que ya se haya designado el profesional de apoyo a al supervisión, (2) posterior a la firma del contrato, (3) gestionará con el profesional de presupuesto la expedición del registro presupuestal y una vez expedido este lo cargará en la plataforma SECOP 2. (4) Como evidencia de la ejecución del control quedarán las comunicaciones realizadas (correos electrónicos y memorandos) y el cargue del documento en la plataforma SECOP 2. | O23: =+'EVALUACION CON CONTROLES'!I28 -> 1 | P23: =+'EVALUACION CON CONTROLES'!J28 -> 2 | Q23: =+'EVALUACION CON CONTROLES'!K28 -> 3 | R23: =+'EVALUACION CON CONTROLES'!L28 -> BAJO | S23: =+'EVALUACION CON CONTROLES'!M28 -> SI | T23: =+'EVALUACION CON CONTROLES'!N28 -> El abogado de contratación designado por el Alcalde Local y/o en caso que ya se haya designado el profesional de apoyo a al supervisión | U23: =+'EVALUACION CON CONTROLES'!O28 -> Después de la firma del contrato por parte del contratista | V23: =+'EVALUACION CON CONTROLES'!P28 -> Antes del inicio del contrato | ... X23: =+'EVALUACION CON CONTROLES'!R28 -> Durante la etapa de perfeccionamiento
B24: 14 | C24: {=+'EVALUACION CON CONTROLES'!C29:F29} -> Presentación de reclamos de terceros sobre la selección del oferente que retrasen el perfeccionamiento del contrato. | D24: 0 | E24: 0 | F24: 0 | G24: =+EVALUACION!H30 -> Retrasos en la adjudicación del proceso, inclusive la declaratorio desierta del proceso de selección | H24: =+EVALUACION!I30 -> 4 | I24: =+EVALUACION!J30 -> 3 | J24: =+EVALUACION!K30 -> 7 | K24: =+EVALUACION!L30 -> ALTO | L24: CONTRATISTA | M24: 1 | N24: =+'EVALUACION CON CONTROLES'!G29 -> (1) El abogado designado por el Alcalde Local, (2) después de la selección del contratista, (3) realizará una revisión de los posibles reclamos y requerimientos de los oferentes perdedores, ciudadanía y veedurías; y garantizará dar respuestas de fondo y en términos que brinden legalidad, legitimidad y transparencia al acto administrativo de adjudicación del contrato. (4) Como evidencia de la ejecución del control quedarán las comunicaciones realizadas. | O24: =+'EVALUACION CON CONTROLES'!I29 -> 4 | P24: =+'EVALUACION CON CONTROLES'!J29 -> 3 | Q24: =+'EVALUACION CON CONTROLES'!K29 -> 7 | R24: =+'EVALUACION CON CONTROLES'!L29 -> ALTO | S24: =+'EVALUACION CON CONTROLES'!M29 -> NO | T24: =+'EVALUACION CON CONTROLES'!N29 -> El abogado designado por el Alcalde Local | U24: =+'EVALUACION CON CONTROLES'!O29 -> Después de la adjudicación del contrato | V24: =+'EVALUACION CON CONTROLES'!P29 -> Antes de la firma del contrato | ... X24: =+'EVALUACION CON CONTROLES'!R29 -> Durante la etapa de contratación
B25: 15 | C25: {=+'EVALUACION CON CONTROLES'!C30:F30} -> Fluctuaciones del valor de la moneda | D25: 0 | E25: 0 | F25: 0 | G25: =+EVALUACION!H31 -> Aumento de los costos del contrato. Demoras en la ejecución del contrato. Posible desequilibrio económico | H25: =+EVALUACION!I31 -> 3 | I25: =+EVALUACION!J31 -> 3 | J25: =+EVALUACION!K31 -> 6 | K25: =+EVALUACION!L31 -> ALTO | L25: CONTRATISTA Y SDG | M25: 50% - 50% | N25: =+'EVALUACION CON CONTROLES'!G30 -> (1) El apoyo a la supervisión y profesional designado por el contratista, (2) realizarán un monitoreo mensual (3) a las fluctuaciones de la TRM. En caso de evidenciar fluctuaciones bruscas que puedan poner en riesgo el equilibrio económico del contrato, deberán comunicar al supervisor (Alcalde Local) para que se tomen las medidas correspondientes que resguarden los intereses de la Entidad. (4) Como evidencia de la ejecución del control quedará el formato GDI-GPD-F029 Formato evidencia de reunión y comunicaciones realizadas. | O25: =+'EVALUACION CON CONTROLES'!I30 -> 3 | P25: =+'EVALUACION CON CONTROLES'!J30 -> 3 | Q25: =+'EVALUACION CON CONTROLES'!K30 -> 6 | R25: =+'EVALUACION CON CONTROLES'!L30 -> ALTO | S25: =+'EVALUACION CON CONTROLES'!M30 -> SI | T25: =+'EVALUACION CON CONTROLES'!N30 -> El apoyo a la supervisión y profesional designado por el contratista | U25: =+'EVALUACION CON CONTROLES'!O30 -> Durante la ejecución del contrato | V25: =+'EVALUACION CON CONTROLES'!P30 -> Antes de la terminación del plazo contractual | ... X25: =+'EVALUACION CON CONTROLES'!R30 -> Mensualmente
B26: 16 | C26: {=+'EVALUACION CON CONTROLES'!C31:F31} -> Cambio de precios en factores de producción. | D26: 0 | E26: 0 | F26: 0 | G26: =+EVALUACION!H32 -> Renegociación de términos contractuales. Aumento de los costos del contrato. Demoras en la ejecución del contrato. Posible desequilibrio económico.Reducción de la calidad. | H26: =+EVALUACION!I32 -> 1 | I26: =+EVALUACION!J32 -> 4 | J26: =+EVALUACION!K32 -> 5 | K26: =+EVALUACION!L32 -> MEDIO | L26: CONTRATISTA Y SDG | M26: 50% - 50% | N26: =+'EVALUACION CON CONTROLES'!G31 -> (1) El apoyo a la supervisión y profesional designado por el contratista, (2) realizarán un monitoreo mensual (3) a los precios de los bienes y servicios incluidos en la oferta económica. En caso de evidenciar cambios de precios bruscos que puedan poner en riesgo el equilibrio económico del contrato, deberán comunicar al supervisor (Alcalde Local) para que se tomen las medidas correspondientes que resguarden los intereses de la Entidad. (4) Como evidencia de la ejecución del control quedará el formato GDI-GPD-F029 Formato evidencia de reunión y comunicaciones realizadas. | O26: =+'EVALUACION CON CONTROLES'!I31 -> 1 | P26: =+'EVALUACION CON CONTROLES'!J31 -> 4 | Q26: =+'EVALUACION CON CONTROLES'!K31 -> 5 | R26: =+'EVALUACION CON CONTROLES'!L31 -> MEDIO | S26: =+'EVALUACION CON CONTROLES'!M31 -> SI | T26: =+'EVALUACION CON CONTROLES'!N31 -> El apoyo a la supervisión y profesional designado por el contratist | U26: =+'EVALUACION CON CONTROLES'!O31 -> Durante la ejecución del contrato | V26: =+'EVALUACION CON CONTROLES'!P31 -> Antes de la terminación del plazo contractual | ... X26: =+'EVALUACION CON CONTROLES'!R31 -> Mensualmente
B27: 17 | C27: {=+'EVALUACION CON CONTROLES'!C32:F32} -> Variación significativa de los precios de mercado de los bienes y servicios requeridos para la ejecución, especialmente aquellos adquiridos con cargo a bolsas a monto agotable, que pueda generar el agotamiento anticipado de los recursos disponibles. | D27: 0 | E27: 0 | F27: 0 | G27: =+EVALUACION!H33 -> Agotamiento anticipado de las bolsas a monto agotable; disminución de las cantidades o de la cobertura estimada de bienes y servicios; necesidad de priorizar requerimientos dentro de los ítems previamente definidos; demoras en la ejecución mientras se verifican nuevas condiciones de mercado; y eventual afectación del equilibrio económico del contrato cuando la variación sea extraordinaria, imprevisible y no imputable a las partes. | H27: =+EVALUACION!I33 -> 2 | I27: =+EVALUACION!J33 -> 4 | J27: =+EVALUACION!K33 -> 6 | K27: =+EVALUACION!L33 -> ALTO | L27: CONTRATISTA Y SDG | M27: 50% - 50% | N27: =+'EVALUACION CON CONTROLES'!G32 -> (1) El apoyo a la supervisión y el profesional designado por el contratista realizarán seguimiento a los precios de mercado de los bienes y servicios durante la ejecución. (2) Para cada gasto con cargo a bolsas a monto agotable se verificará previamente la razonabilidad del precio mediante cotizaciones, referencias de mercado o los soportes definidos en el Anexo Técnico, y deberá contarse con la aprobación previa de la supervisión cuando corresponda. (3) Se llevará control permanente del valor ejecutado y del saldo disponible de cada bolsa, sin comprometer recursos por encima de su monto máximo. (4) Cuando se evidencien variaciones significativas que puedan ocasionar el agotamiento anticipado de una bolsa, la situación se pondrá en conocimiento de la supervisión y, cuando corresponda, del Comité Técnico de Seguimiento, para priorizar los requerimientos dentro de los ítems y alcances previamente definidos, sin que ello implique reconocimiento automático de reajustes o valores adicionales. (5) Como evidencia del control quedarán las cotizaciones o referencias consultadas, las aprobaciones de la supervisión, facturas y demás soportes de pago, así como el control de ejecución y saldo de la bolsa. | O27: =+'EVALUACION CON CONTROLES'!I32 -> 2 | P27: =+'EVALUACION CON CONTROLES'!J32 -> 4 | Q27: =+'EVALUACION CON CONTROLES'!K32 -> 6 | R27: =+'EVALUACION CON CONTROLES'!L32 -> ALTO | S27: =+'EVALUACION CON CONTROLES'!M32 -> SI | T27: =+'EVALUACION CON CONTROLES'!N32 -> El apoyo a la supervisión y el profesional designado por el contratista | U27: =+'EVALUACION CON CONTROLES'!O32 -> Durante la ejecución del contrato | V27: =+'EVALUACION CON CONTROLES'!P32 -> Hasta la terminación o agotamiento de las bolsas a monto agotable | ... X27: =+'EVALUACION CON CONTROLES'!R32 -> Por cada gasto con cargo a la bolsa y, como mínimo, mensualmente
B28: 18 | C28: {=+'EVALUACION CON CONTROLES'!C33:F33} -> Factores políticos o macroeconómicos. | D28: 0 | E28: 0 | F28: 0 | G28: =+EVALUACION!H34 -> Cambios en la normativa.Incremento en los costos. Demoras en la ejecución. Aumento del riesgo financiero. Desbalance contractual. Impacto en la seguridad jurídica. | H28: =+EVALUACION!I34 -> 3 | I28: =+EVALUACION!J34 -> 3 | J28: =+EVALUACION!K34 -> 6 | K28: =+EVALUACION!L34 -> ALTO | L28: CONTRATISTA Y SDG | M28: 50% - 50% | N28: =+'EVALUACION CON CONTROLES'!G33 -> (1) El apoyo a la supervisión y profesional designado por el contratista, (2) realizarán un monitoreo menusal (3) al contexto político y macroeconómico del país y de la Ciudad y en caso de evidenciar alguna situación que pueda obstaculizar la ejecución del contrato, deberán comunicar al supervisor (Alcalde Local) para que se tomen las medidas correspondientes que resguarden los intereses de la Entidad. (4) Como evidencia de la ejecución del control quedará el formato GDI-GPD-F029 Formato evidencia de reunión y comunicaciones realizadas. | O28: =+'EVALUACION CON CONTROLES'!I33 -> 3 | P28: =+'EVALUACION CON CONTROLES'!J33 -> 3 | Q28: =+'EVALUACION CON CONTROLES'!K33 -> 6 | R28: =+'EVALUACION CON CONTROLES'!L33 -> ALTO | S28: =+'EVALUACION CON CONTROLES'!M33 -> NO | T28: =+'EVALUACION CON CONTROLES'!N33 -> El apoyo a la supervisión y profesional designado por el contratist | U28: =+'EVALUACION CON CONTROLES'!O33 -> Durante la ejecución del contrato | V28: =+'EVALUACION CON CONTROLES'!P33 -> Antes de la terminación del plazo contractual | ... X28: =+'EVALUACION CON CONTROLES'!R33 -> Mensualmente
B29: 19 | C29: {=+'EVALUACION CON CONTROLES'!C34:F34} -> Incumplimiento del objeto o de las obligaciones contractuales | D29: 0 | E29: 0 | F29: 0 | G29: =+EVALUACION!H35 -> Pérdida de respaldo financiero del contratista, terminación unilateral del contrato, obligación del contratista a indemnizar, conflictos judiciales, arbitramiento, suspensión de pago, devolución de anticipos, incremento de costos y reprocesos, falta de cumplimiento de las especificaciónes tecnicas, baja calidad en la ejecución del contrato, auditorías, multas y sanciones, ruptura de relaciones comerciales, percepción negativa del proyecto. | H29: =+EVALUACION!I35 -> 2 | I29: =+EVALUACION!J35 -> 4 | J29: =+EVALUACION!K35 -> 6 | K29: =+EVALUACION!L35 -> ALTO | L29: CONTRATISTA | M29: 1 | N29: =+'EVALUACION CON CONTROLES'!G34 -> (1) El apoyo a la supervisión y profesional designado por el contratista (2) realizarán un seguimiento mensual (3) al cumplimiento de las obligaciones específicas y generales del contratista, para ello le solicitará un informe mensual de actividades. En caso de evidenciar incumplimientos, el apoyo a la supervisión realizará el respectivo requerimiento al contratista. En caso de reinicidir, se solicitará por escrito al Alcalde Local la apertura del proceso de incumplimiento contractual. (4) Como evidencia de la ejecución del control quedará el formato GDI-GPD-F029 Formato evidencia de reunión y comunicaciones realizadas. | O29: =+'EVALUACION CON CONTROLES'!I34 -> 2 | P29: =+'EVALUACION CON CONTROLES'!J34 -> 4 | Q29: =+'EVALUACION CON CONTROLES'!K34 -> 6 | R29: =+'EVALUACION CON CONTROLES'!L34 -> ALTO | S29: =+'EVALUACION CON CONTROLES'!M34 -> SI | T29: =+'EVALUACION CON CONTROLES'!N34 -> El apoyo a la supervisión y profesional designado por el contratista | U29: =+'EVALUACION CON CONTROLES'!O34 -> Durante la ejecución del contrato | V29: =+'EVALUACION CON CONTROLES'!P34 -> Cierre o liquidación del contrato | ... X29: =+'EVALUACION CON CONTROLES'!R34 -> Mensualmente
B30: 20 | C30: {=+'EVALUACION CON CONTROLES'!C35:F35} -> Variación en la disponibilidad o en el costo de los insumos necesarios para prestar los servicios. | D30: 0 | E30: 0 | F30: 0 | G30: =+EVALUACION!H36 -> Incremento en los costos de operación. Escasez de insumos. Demoras en la ejecución. Reducción de la calidad.Reajuste de precios. Aumento de la incertidumbre. Impacto en la competitividad. | H30: =+EVALUACION!I36 -> 1 | I30: =+EVALUACION!J36 -> 3 | J30: =+EVALUACION!K36 -> 4 | K30: =+EVALUACION!L36 -> BAJO | L30: CONTRATISTA Y SDG | M30: 50% - 50% | N30: =+'EVALUACION CON CONTROLES'!G35 -> (1) El apoyo a la supervisión y profesional designado por el contratista, (2) realizarán un monitoreo mensual (3) a la disponibilidad y a los precios de los bienes y servicios incluidos en la oferta económica. En caso de evidenciar indisponibilidad de bienes o servicios que puedan poner en riesgo la ejecución y el equilibrio económico del contrato, deberán comunicar al supervisor (Alcalde Local) para que se tomen las medidas correspondientes que resguarden los intereses de la Entidad. (4) Como evidencia de la ejecución del control quedará el formato GDI-GPD-F029 Formato evidencia de reunión y comunicaciones realizadas. | O30: =+'EVALUACION CON CONTROLES'!I35 -> 1 | P30: =+'EVALUACION CON CONTROLES'!J35 -> 3 | Q30: =+'EVALUACION CON CONTROLES'!K35 -> 4 | R30: =+'EVALUACION CON CONTROLES'!L35 -> BAJO | S30: =+'EVALUACION CON CONTROLES'!M35 -> SI | T30: =+'EVALUACION CON CONTROLES'!N35 -> El apoyo a la supervisión y profesional designado por el contratista | U30: =+'EVALUACION CON CONTROLES'!O35 -> Durante la ejecución del contrato | V30: =+'EVALUACION CON CONTROLES'!P35 -> Cierre o liquidación del contrato | ... X30: =+'EVALUACION CON CONTROLES'!R35 -> Mensualmente
B31: 21 | C31: {=+'EVALUACION CON CONTROLES'!C36:F36} -> Incumplimiento de compromisos adquiridos por el contratista seleccionado con sus subcontratistas, suministradores de bienes y servicios. | D31: 0 | E31: 0 | F31: 0 | G31: =+EVALUACION!H37 -> Retrasos en el proyecto. Aumento de costos. Compromiso de la calidad.Conflictos legales. Interrupciones en el flujo de trabajo. Necesidad de reestructuración del contrato.Riesgo de incumplimiento de los objetivos del proyecto. | H31: =+EVALUACION!I37 -> 2 | I31: =+EVALUACION!J37 -> 4 | J31: =+EVALUACION!K37 -> 6 | K31: =+EVALUACION!L37 -> ALTO | L31: CONTRATISTA | M31: 1 | N31: =+'EVALUACION CON CONTROLES'!G36 -> (1) El apoyo a la supervisión y profesional designado por el contratista (2) realizarán un seguimiento mensual (3) al cumplimiento de los compromisos del contratista con sus subcontratistas, suministradores de bienes y servicios; y en caso de evidenciar incumplimientos o no pagos, el apoyo a la supervisión realizará el respectivo requerimiento al contratista. En caso de reinicidir, se solicitará la apertura del proceso de incumplimiento contractual. (4) Como evidencia de la ejecución del control quedará el formato GDI-GPD-F029 Formato evidencia de reunión y comunicaciones realizadas. | O31: =+'EVALUACION CON CONTROLES'!I36 -> 2 | P31: =+'EVALUACION CON CONTROLES'!J36 -> 4 | Q31: =+'EVALUACION CON CONTROLES'!K36 -> 6 | R31: =+'EVALUACION CON CONTROLES'!L36 -> ALTO | S31: =+'EVALUACION CON CONTROLES'!M36 -> SI | T31: =+'EVALUACION CON CONTROLES'!N36 -> El apoyo a la supervisión y profesional designado por el contratista | U31: =+'EVALUACION CON CONTROLES'!O36 -> Durante la ejecución del contrato | V31: =+'EVALUACION CON CONTROLES'!P36 -> Cierre o liquidación del contrato | ... X31: =+'EVALUACION CON CONTROLES'!R36 -> Mensualmente
B32: 22 | C32: {=+'EVALUACION CON CONTROLES'!C37:F37} -> Incumplimiento de la administración en los pagos. | D32: 0 | E32: 0 | F32: 0 | G32: =+EVALUACION!H38 -> Retrasos en la ejecución. Interrupción de servicios. Aumento de costos.Conflictos contractuales. Problemas de flujo de caja. Riesgo de penalidades. | H32: =+EVALUACION!I38 -> 2 | I32: =+EVALUACION!J38 -> 3 | J32: =+EVALUACION!K38 -> 5 | K32: =+EVALUACION!L38 -> MEDIO | L32: SDG | M32: 1 | N32: =+'EVALUACION CON CONTROLES'!G37 -> (1) El apoyo a la supervisión y profesional designado por el contratista, (2) al iniciar la ejecución del contrato realizarán un cronograma de trabajo y le realizarán un seguimiento/monitoreo mensual. (3) Dicho cronograma de trabajo tendrá en cuenta la ejecución física y financiera del contrato y los momentos de radicación de informes de ejecución y cuentas de cobro, así como los tiempos por parte de la Administración para los respectivos desembolsos. En relación a lo anterior, el apoyo a la supervisión deberá realizar la respectiva programación y reprogramación del PAC. (4) Como evidencia de la ejecución del control quedará el cronograma de trabajo, formato GDI-GPD-F029 Formato evidencia de reunión y comunicaciones realizadas. | O32: =+'EVALUACION CON CONTROLES'!I37 -> 2 | P32: =+'EVALUACION CON CONTROLES'!J37 -> 3 | Q32: =+'EVALUACION CON CONTROLES'!K37 -> 5 | R32: =+'EVALUACION CON CONTROLES'!L37 -> MEDIO | S32: =+'EVALUACION CON CONTROLES'!M37 -> SI | T32: =+'EVALUACION CON CONTROLES'!N37 -> El apoyo a la supervisión y profesional designado por el contratista | U32: =+'EVALUACION CON CONTROLES'!O37 -> Durante la ejecución del contrato | V32: =+'EVALUACION CON CONTROLES'!P37 -> Cierre o liquidación del contrato | ... X32: =+'EVALUACION CON CONTROLES'!R37 -> Mensualmente
B33: 23 | C33: {=+'EVALUACION CON CONTROLES'!C38:F38} -> Defecto en la instalación de equipos | D33: 0 | E33: 0 | F33: 0 | G33: =+EVALUACION!H39 -> Reducción de la funcionalidad. Incremento de costos. Retrasos en el proyecto. Interrupción de operaciones. Problemas de seguridad. Impacto en el cumplimiento de los estándares. | H33: =+EVALUACION!I39 -> 2 | I33: =+EVALUACION!J39 -> 3 | J33: =+EVALUACION!K39 -> 5 | K33: =+EVALUACION!L39 -> MEDIO | L33: CONTRATISTA | M33: 1 | N33: =+'EVALUACION CON CONTROLES'!G38 -> (1) El apoyo a la supevisión, (2) realizará un seguimiento mínimo mensual (3) a los equipos proveídos e instalados por el contratista y en caso de detectar defectos, deberá solicitar por escrito al contratista su cambio. En caso de que este se niegue se realizar el o los cambios, se harán efectivas las garantías y si el contrato está en ejecución, se iniciará el respectivo proceso de incumplimiento contractual. (4) Como evidencia de la ejecución del control quedará el formato GDI-GPD-F029 Formato evidencia de reunión, registro fotográfico y comunicaciones realizadas. | O33: =+'EVALUACION CON CONTROLES'!I38 -> 2 | P33: =+'EVALUACION CON CONTROLES'!J38 -> 3 | Q33: =+'EVALUACION CON CONTROLES'!K38 -> 5 | R33: =+'EVALUACION CON CONTROLES'!L38 -> MEDIO | S33: =+'EVALUACION CON CONTROLES'!M38 -> NO | T33: =+'EVALUACION CON CONTROLES'!N38 -> El apoyo a la supevisión | U33: =+'EVALUACION CON CONTROLES'!O38 -> Durante la ejecución del contrato | V33: =+'EVALUACION CON CONTROLES'!P38 -> Cierre o liquidación del contrato | ... X33: =+'EVALUACION CON CONTROLES'!R38 -> Mensualmente
B34: 24 | C34: {=+'EVALUACION CON CONTROLES'!C39:F39} -> Defectos en los equipos. | D34: 0 | E34: 0 | F34: 0 | G34: =+EVALUACION!H40 -> Interrupciones en el servicio. Aumento de costos. Reducción de la productividad. Pérdida de datos o calidad. Problemas de seguridad. Costos adicionales por tiempo de inactividad. Incumplimiento de contratos. | H34: =+EVALUACION!I40 -> 2 | I34: =+EVALUACION!J40 -> 3 | J34: =+EVALUACION!K40 -> 5 | K34: =+EVALUACION!L40 -> MEDIO | L34: CONTRATISTA | M34: 1 | N34: =+'EVALUACION CON CONTROLES'!G39 -> (1) El apoyo a la supevisión, (2) realizará un seguimiento mínimo mensual (3) a los equipos proveídos e instalados por el contratista y en caso de detectar defectos, deberá solicitar por escrito al contratista su cambio. En caso de que este se niegue se realizar el o los cambios, se harán efectivas las garantías y si el contrato está en ejecución, se iniciará el respectivo proceso de incumplimiento contractual. (4)Como evidencia de la ejecución del control quedará el formato GDI-GPD-F029 Formato evidencia de reunión, registro fotográfico y comunicaciones realizadas. | O34: =+'EVALUACION CON CONTROLES'!I39 -> 2 | P34: =+'EVALUACION CON CONTROLES'!J39 -> 3 | Q34: =+'EVALUACION CON CONTROLES'!K39 -> 5 | R34: =+'EVALUACION CON CONTROLES'!L39 -> MEDIO | S34: =+'EVALUACION CON CONTROLES'!M39 -> NO | T34: =+'EVALUACION CON CONTROLES'!N39 -> El apoyo a la supevisión | U34: =+'EVALUACION CON CONTROLES'!O39 -> Durante la ejecución del contrato | V34: =+'EVALUACION CON CONTROLES'!P39 -> Cierre o liquidación del contrato | ... X34: =+'EVALUACION CON CONTROLES'!R39 -> Mensualmente
B35: 25 | C35: {=+'EVALUACION CON CONTROLES'!C40:F40} -> Daños a los equipos objeto de mantenimiento y/o otros bienes | D35: 0 | E35: 0 | F35: 0 | G35: =+EVALUACION!H41 -> Incremento en los costos. Interrupción de operaciones.Reducción de la productividad.Pérdida de calidad.Problemas de seguridad.Necesidad de procedimientos adicionales. Incumplimiento de contratos. | H35: =+EVALUACION!I41 -> 2 | I35: =+EVALUACION!J41 -> 3 | J35: =+EVALUACION!K41 -> 5 | K35: =+EVALUACION!L41 -> MEDIO | L35: CONTRATISTA | M35: 1 | N35: =+'EVALUACION CON CONTROLES'!G40 -> (1) El apoyo a la supevisión, (2) cada vez que se le realice mantenimiento a un equipo/dispositivo (3) realizará un seguimiento realizará una inspección y en caso de detectar daños o defectos por el trabajo realizado, deberá solicitar por escrito al contratista su cambio o ajuste. En caso de que este se niegue, se harán efectivas las garantías y si el contrato está en ejecución, se iniciará el respectivo proceso de incumplimiento contractual. (4) Como evidencia de la ejecución del control quedará el formato GDI-GPD-F029 Formato evidencia de reunión, registro fotográfico y comunicaciones realizadas. | O35: =+'EVALUACION CON CONTROLES'!I40 -> 2 | P35: =+'EVALUACION CON CONTROLES'!J40 -> 3 | Q35: =+'EVALUACION CON CONTROLES'!K40 -> 5 | R35: =+'EVALUACION CON CONTROLES'!L40 -> MEDIO | S35: =+'EVALUACION CON CONTROLES'!M40 -> NO | T35: =+'EVALUACION CON CONTROLES'!N40 -> El apoyo a la supevisión | U35: =+'EVALUACION CON CONTROLES'!O40 -> Durante la ejecución del contrato | V35: =+'EVALUACION CON CONTROLES'!P40 -> Cierre o liquidación del contrato | ... X35: =+'EVALUACION CON CONTROLES'!R40 -> Cada vez que se le realice mantenimiento a un equipo/dispositivo
B36: 26 | C36: {=+'EVALUACION CON CONTROLES'!C41:F41} -> Desequilibrio económico del contrato | D36: 0 | E36: 0 | F36: 0 | G36: =+EVALUACION!H42 -> Paralización o ralentización del proyecto, reprogramación de actividades, ajuste de plazos o condiciones, revisión de precios, reducción en la calidad de los trabajo, compromiso en el alcance del proyecto, rescisión unilateral del contratista, resolución anticipada por la entidad contratante, historial negativo en procesos públicos, posibles sanciones o procesos por parte de entes de control, demoras en la entrega de beneficios a la comunidad, necesidad de nuevas asignaciones presupuestales, reprogramación del gasto, activación de cláusulas de reajuste de precios y aplicación de la "teoría de la imprevisión". | H36: =+EVALUACION!I42 -> 3 | I36: =+EVALUACION!J42 -> 5 | J36: =+EVALUACION!K42 -> 8 | K36: =+EVALUACION!L42 -> EXTREMO | L36: CONTRATISTA Y SDG | M36: 50% - 50% | N36: =+'EVALUACION CON CONTROLES'!G41 -> (1) El apoyo a la supervisión y profesional designado por el contratista, (2) realizarán un monitoreo menusal (3) a cualquiera de los aspectos (políticos, sociales, económicos) que puedan generar como consecuencia un desequilibrio económico del contrato y en caso de encontrar algún hallazgo que pueda materializar el riesgo, deberán comunicar al supervisor (Alcalde Local) para que se tomen las medidas correspondientes que resguarden los intereses de la Entidad. (4) Como evidencia de la ejecución del control quedará el formato GDI-GPD-F029 Formato evidencia de reunión y comunicaciones realizadas. | O36: =+'EVALUACION CON CONTROLES'!I41 -> 3 | P36: =+'EVALUACION CON CONTROLES'!J41 -> 5 | Q36: =+'EVALUACION CON CONTROLES'!K41 -> 8 | R36: =+'EVALUACION CON CONTROLES'!L41 -> EXTREMO | S36: =+'EVALUACION CON CONTROLES'!M41 -> SI | T36: =+'EVALUACION CON CONTROLES'!N41 -> El apoyo a la supervisión y profesional designado por el contratista | U36: =+'EVALUACION CON CONTROLES'!O41 -> Durante la ejecución del contrato | V36: =+'EVALUACION CON CONTROLES'!P41 -> Cierre o liquidación del contrato | ... X36: =+'EVALUACION CON CONTROLES'!R41 -> Mensualmente
B37: 27 | C37: {=+'EVALUACION CON CONTROLES'!C42:F42} -> Imposición de nuevos tributos | D37: 0 | E37: 0 | F37: 0 | G37: =+EVALUACION!H43 -> Incremento de costos operativos. Reajuste del presupuesto. Impacto en la competitividad. Cambio en la estructura de precios.Alteración en la planificación financiera. | H37: =+EVALUACION!I43 -> 3 | I37: =+EVALUACION!J43 -> 3 | J37: =+EVALUACION!K43 -> 6 | K37: =+EVALUACION!L43 -> ALTO | L37: CONTRATISTA Y SDG | M37: 50% - 50% | N37: =+'EVALUACION CON CONTROLES'!G42 -> (1) El apoyo a al supervisión y el profesional designado por el contratista, (2) realizarán un seguimiento mensual (3) frente a la imposición de nuevos tributos, y en caso de detectar una nueva imposición, deberán comunicar al supervisor (Alcalde Local) para que se tomen las medidas correspondientes resguardando los intereses de la Entidad. (4) Como evidencia de la ejecución del control quedará el formato GDI-GPD-F029 Formato evidencia de reunión y comunicaciones realizadas. | O37: =+'EVALUACION CON CONTROLES'!I42 -> 3 | P37: =+'EVALUACION CON CONTROLES'!J42 -> 3 | Q37: =+'EVALUACION CON CONTROLES'!K42 -> 6 | R37: =+'EVALUACION CON CONTROLES'!L42 -> ALTO | S37: =+'EVALUACION CON CONTROLES'!M42 -> SI | T37: =+'EVALUACION CON CONTROLES'!N42 -> El apoyo a la supervisión y profesional designado por el contratista | U37: =+'EVALUACION CON CONTROLES'!O42 -> Durante la ejecución del contrato | V37: =+'EVALUACION CON CONTROLES'!P42 -> Cierre o liquidación del contrato | ... X37: =+'EVALUACION CON CONTROLES'!R42 -> Mensualmente
B38: 28 | C38: {=+'EVALUACION CON CONTROLES'!C43:F43} -> Imposición de nuevos trámites o permisos | D38: 0 | E38: 0 | F38: 0 | G38: =+EVALUACION!H44 -> Incremento en los costos operativos.Retrasos en la ejecución.Aumento en la carga burocrática.Reducción de la eficiencia.Necesidad de capacitación.Riesgo de incumplimiento. | H38: =+EVALUACION!I44 -> 3 | I38: =+EVALUACION!J44 -> 3 | J38: =+EVALUACION!K44 -> 6 | K38: =+EVALUACION!L44 -> ALTO | L38: CONTRATISTA Y SDG | M38: 50% - 50% | N38: =+'EVALUACION CON CONTROLES'!G43 -> (1) El apoyo a al supervisión y el profesional designado por el contratista, (2) realizarán un seguimiento mensual (3) frente a la imposición de nuevos trámites y permisos, y en caso de detectar una nueva imposición, deberán comunicar al supervisor (Alcalde Local) para que se tomen las medidas correspondientes resguardando los intereses de la Entidad. (4) Como evidencia de la ejecución del control quedará el formato GDI-GPD-F029 Formato evidencia de reunión y comunicaciones realizadas. | O38: =+'EVALUACION CON CONTROLES'!I43 -> 3 | P38: =+'EVALUACION CON CONTROLES'!J43 -> 3 | Q38: =+'EVALUACION CON CONTROLES'!K43 -> 6 | R38: =+'EVALUACION CON CONTROLES'!L43 -> ALTO | S38: =+'EVALUACION CON CONTROLES'!M43 -> SI | T38: =+'EVALUACION CON CONTROLES'!N43 -> El apoyo a la supervisión y profesional designado por el contratista | U38: =+'EVALUACION CON CONTROLES'!O43 -> Durante la ejecución del contrato | V38: =+'EVALUACION CON CONTROLES'!P43 -> Cierre o liquidación del contrato | ... X38: =+'EVALUACION CON CONTROLES'!R43 -> Mensualmente
B39: 29 | C39: {=+'EVALUACION CON CONTROLES'!C44:F44} -> Cambios en el marco regulatorio o normatividad aplicable al proyecto. | D39: 0 | E39: 0 | F39: 0 | G39: =+EVALUACION!H45 -> Adaptación y ajuste de procesos. Incremento en los costos. Retrasos en el proyecto. Requerimientos adicionales de documentación. Impacto en la viabilidad financiera. Riesgo de incumplimiento. | H39: =+EVALUACION!I45 -> 1 | I39: =+EVALUACION!J45 -> 3 | J39: =+EVALUACION!K45 -> 4 | K39: =+EVALUACION!L45 -> BAJO | L39: CONTRATISTA Y SDG | M39: 50% - 50% | N39: =+'EVALUACION CON CONTROLES'!G44 -> (1) El apoyo a al supervisión y el profesional designado por el contratista, (2) realizarán un seguimiento mensual (3) frente a los cambios en el marco regulatorio o normatividad aplicable al contrato y al proyecto, y en caso de detectar cambios con impacto negativo o positivo, deberán comunicar al supervisor (Alcalde Local) para que se tomen las medidas correspondientes resguardando los intereses de la Entidad. (4) Como evidencia de la ejecución del control quedará el formato GDI-GPD-F029 Formato evidencia de reunión y comunicaciones realizadas. | O39: =+'EVALUACION CON CONTROLES'!I44 -> 1 | P39: =+'EVALUACION CON CONTROLES'!J44 -> 3 | Q39: =+'EVALUACION CON CONTROLES'!K44 -> 4 | R39: =+'EVALUACION CON CONTROLES'!L44 -> BAJO | S39: =+'EVALUACION CON CONTROLES'!M44 -> NO | T39: =+'EVALUACION CON CONTROLES'!N44 -> El apoyo a la supervisión y profesional designado por el contratista | U39: =+'EVALUACION CON CONTROLES'!O44 -> Durante la ejecución del contrato | V39: =+'EVALUACION CON CONTROLES'!P44 -> Cierre o liquidación del contrato | ... X39: =+'EVALUACION CON CONTROLES'!R44 -> Mensualmente
B40: 30 | C40: {=+'EVALUACION CON CONTROLES'!C45:F45} -> Variación de tasas o tarifas | D40: 0 | E40: 0 | F40: 0 | G40: =+EVALUACION!H46 -> La variación de tasas o tarifas puede tener varias consecuencias para un proyecto o una empresa. A continuación, te detallo las principales: Consecuencias Incremento en los costos operativos. Ajuste en el presupuesto. Revisión de contratos. Planificación financiera afectada. Problemas con el cumplimiento. | H40: =+EVALUACION!I46 -> 3 | I40: =+EVALUACION!J46 -> 4 | J40: =+EVALUACION!K46 -> 7 | K40: =+EVALUACION!L46 -> ALTO | L40: CONTRATISTA Y SDG | M40: 50% - 50% | N40: =+'EVALUACION CON CONTROLES'!G45 -> (1) El apoyo a la supervisión y profesional designado por el contratista, (2) realizarán un monitoreo mensual (3) a las tasas o tarifas aplicables a los bienes y servicios incluidos en la oferta económica. En caso de evidenciar cambios de precios bruscos que puedan poner en riesgo el equilibrio económico del contrato, deberán comunicar al supervisor (Alcalde Local) para que se tomen las medidas correspondientes que resguarden los intereses de la Entidad. (4) Como evidencia de la ejecución del control quedará el formato GDI-GPD-F029 Formato evidencia de reunión y comunicaciones realizadas. | O40: =+'EVALUACION CON CONTROLES'!I45 -> 3 | P40: =+'EVALUACION CON CONTROLES'!J45 -> 4 | Q40: =+'EVALUACION CON CONTROLES'!K45 -> 7 | R40: =+'EVALUACION CON CONTROLES'!L45 -> ALTO | S40: =+'EVALUACION CON CONTROLES'!M45 -> SI | T40: =+'EVALUACION CON CONTROLES'!N45 -> El apoyo a la supervisión y profesional designado por el contratista | U40: =+'EVALUACION CON CONTROLES'!O45 -> Durante la ejecución del contrato | V40: =+'EVALUACION CON CONTROLES'!P45 -> Cierre o liquidación del contrato | ... X40: =+'EVALUACION CON CONTROLES'!R45 -> Mensualmente
B41: 31 | C41: {=+'EVALUACION CON CONTROLES'!C46:F46} -> Ejecución en tiempos distintos a los inicialmente programados por circunstancias no imputables a las partes. | D41: 0 | E41: 0 | F41: 0 | G41: =+EVALUACION!H47 -> Reajuste de plazos, reporgramación del cronograma, posible reclamos por compensación, costos adicionales para el contratista, modificación del flujo de caja, posible solicitud de vigencia futuras, retrasos en la obtención de insumos o tecnología, percepción negativa del proyecto, demora en etrega de beneficios a la comunidad, reclamaciones de daños colaterales, prolongación de la supervisión y control, desfase en la cadena de proyectos y reajuste logísticos. | H41: =+EVALUACION!I47 -> 3 | I41: =+EVALUACION!J47 -> 4 | J41: =+EVALUACION!K47 -> 7 | K41: =+EVALUACION!L47 -> ALTO | L41: CONTRATISTA Y SDG | M41: 50% - 50% | N41: =+'EVALUACION CON CONTROLES'!G46 -> (1) El apoyo a la supervisión y profesional designado por el contratista, (2) a más tardar 10 días después del inicio del contrato, establecerán un cronograma de trabajo y (3) le realizarán un seguimiento mensual a su cumplimiento. En caso de evidenciar incumplimientos o situaciones que puedan materializar el riesgo, las partes se deberán reunir y acordar el cumplimiento de las olbigaciones en plazos razonables. En caso de no poder acordar, se notificará por escrito al supervisor (Alcalde Local) la situación con el propósito de que este decida los pasos a seguir. (4) Como evidencia de la ejecución del control quedará el formato GDI-GPD-F029 Formato evidencia de reunión y comunicaciones realizadas. | O41: =+'EVALUACION CON CONTROLES'!I46 -> 3 | P41: =+'EVALUACION CON CONTROLES'!J46 -> 4 | Q41: =+'EVALUACION CON CONTROLES'!K46 -> 7 | R41: =+'EVALUACION CON CONTROLES'!L46 -> ALTO | S41: =+'EVALUACION CON CONTROLES'!M46 -> SI | T41: =+'EVALUACION CON CONTROLES'!N46 -> El apoyo a la supervisión y profesional designado por el contratista | U41: =+'EVALUACION CON CONTROLES'!O46 -> Durante la ejecución del contrato | V41: =+'EVALUACION CON CONTROLES'!P46 -> Cierre o liquidación del contrato | ... X41: =+'EVALUACION CON CONTROLES'!R46 -> A más tardar 10 días después del inicio del contrato, establecerán un cronograma de trabajo y le realizarán un seguimiento mensual a su cumplimiento
B42: 32 | C42: {=+'EVALUACION CON CONTROLES'!C47:F47} -> Eventos de baja Calidad en la ejecución | D42: 0 | E42: 0 | F42: 0 | G42: =+EVALUACION!H48 -> Rechazo de los entregables.Incremento de costos.Pérdida de satisfacción del cliente. Repercusiones legales.Aumento del tiempo de entregaEficiencia reducida. | H42: =+EVALUACION!I48 -> 2 | I42: =+EVALUACION!J48 -> 5 | J42: =+EVALUACION!K48 -> 7 | K42: =+EVALUACION!L48 -> ALTO | L42: CONTRATISTA | M42: 1 | N42: =+'EVALUACION CON CONTROLES'!G47 -> (1) El apoyo a la supervisión y profesional designado por el contratista, (2) 10 días antes de cada evento (3) realizarán una revisión de los bienes y servicios que se van a utilizar en el evento, y el apoyo a la supervisión deberá aprobarlos, si es necesario deberá solicitar muestras y registros fotográficos. En caso de que en el evento no se presenten los bienes y servicios acordados, el apoyo a la supervisión podrá solicitar la repetición del evento. En caso de que el contratista se niegue, se le informará al supervisor (Alcalde Local) para que tome las medidas pertinentes. (4 )Como evidencia de la ejecución del control quedará el formato GDI-GPD-F029 Formato evidencia de reunión, registro fotográfico, fílmico y comunicaciones realizadas. | O42: =+'EVALUACION CON CONTROLES'!I47 -> 2 | P42: =+'EVALUACION CON CONTROLES'!J47 -> 5 | Q42: =+'EVALUACION CON CONTROLES'!K47 -> 7 | R42: =+'EVALUACION CON CONTROLES'!L47 -> ALTO | S42: =+'EVALUACION CON CONTROLES'!M47 -> NO | T42: =+'EVALUACION CON CONTROLES'!N47 -> El apoyo a la supervisión y profesional designado por el contratista | U42: =+'EVALUACION CON CONTROLES'!O47 -> Durante la ejecución del contrato | V42: =+'EVALUACION CON CONTROLES'!P47 -> Cierre o liquidación del contrato | ... X42: =+'EVALUACION CON CONTROLES'!R47 -> 10 días antes de cada evento
B43: 33 | C43: {=+'EVALUACION CON CONTROLES'!C48:F48} -> Incumplimiento derivado del trámite de los permisos con autoridades ambientales, la obtención de los mismos, paz y salvos | D43: 0 | E43: 0 | F43: 0 | G43: =+EVALUACION!H49 -> Interrupción de actividades, paralización de eventos, multas , sanciones, problemas de seguridad, afectación de la calidad de los enventos, reprogramación de cronograma, consecuencias legales, revocación de permisos, penalidades contractiuales, desconfianza y daño a la imagen institucional, impacto en flujo de caja. | H43: =+EVALUACION!I49 -> 2 | I43: =+EVALUACION!J49 -> 3 | J43: =+EVALUACION!K49 -> 5 | K43: =+EVALUACION!L49 -> MEDIO | L43: CONTRATISTA | M43: 1 | N43: =+'EVALUACION CON CONTROLES'!G48 -> El apoyo a la supervisión y profesional designado por el contratista, 10 días antes de cada evento realizarán una revisión de los los permisos necesarios para desarrollar el evento, en caso de que los permisos no estén listos salvo alguna excepcionalidad, se deberá reprogramar el evento. Como evidencia de la ejecución del control quedará el formato GDI-GPD-F029 Formato evidencia de reunión y comunicaciones realizadas. | O43: =+'EVALUACION CON CONTROLES'!I48 -> 2 | P43: =+'EVALUACION CON CONTROLES'!J48 -> 3 | Q43: =+'EVALUACION CON CONTROLES'!K48 -> 5 | R43: =+'EVALUACION CON CONTROLES'!L48 -> MEDIO | S43: =+'EVALUACION CON CONTROLES'!M48 -> SI | T43: =+'EVALUACION CON CONTROLES'!N48 -> El apoyo a la supervisión y profesional designado por el contratista | U43: =+'EVALUACION CON CONTROLES'!O48 -> Durante la ejecución del contrato | V43: =+'EVALUACION CON CONTROLES'!P48 -> Cierre o liquidación del contrato | ... X43: =+'EVALUACION CON CONTROLES'!R48 -> 10 días antes de cada evento
B44: 34 | C44: {=+'EVALUACION CON CONTROLES'!C49:F49} -> Insolvencia del contratista | D44: 0 | E44: 0 | F44: 0 | G44: =+EVALUACION!H50 -> Suspensión del contrato, demoras en el cronograma, terminación del contrato, actividades no cumplidas, resolución unilateral, sobrecostos, perdida de avances financieros, cobros de garantía, reprocesos de reclamación, baja calidad en las entregas, solicitud de vigencia futura, problemas de logística, acciones legales, posible demandas, corrupción o manipulación del proceso, manejo ineficiente del proceso. | H44: =+EVALUACION!I50 -> 2 | I44: =+EVALUACION!J50 -> 4 | J44: =+EVALUACION!K50 -> 6 | K44: =+EVALUACION!L50 -> ALTO | L44: CONTRATISTA | M44: 1 | N44: =+'EVALUACION CON CONTROLES'!G49 -> (1) El apoyo a la supervisión y profesional designado por el contratista (2) realizarán un seguimiento mensual (3) a la ejecución física y financiera del contraro. El contratista deberá informar si presenta alguna situación de dificultad económica. En caso de presentarse insolvencia, se le informará al supervisor (Alcalde Local) para que realice las acciones pertinentes. (4) Como evidencia de la ejecución del control quedará el formato GDI-GPD-F029 Formato evidencia de reunión y comunicaciones realizadas. | O44: =+'EVALUACION CON CONTROLES'!I49 -> 2 | P44: =+'EVALUACION CON CONTROLES'!J49 -> 4 | Q44: =+'EVALUACION CON CONTROLES'!K49 -> 6 | R44: =+'EVALUACION CON CONTROLES'!L49 -> ALTO | S44: =+'EVALUACION CON CONTROLES'!M49 -> SI | T44: =+'EVALUACION CON CONTROLES'!N49 -> El apoyo a la supervisión y profesional designado por el contratista | U44: =+'EVALUACION CON CONTROLES'!O49 -> Durante la ejecución del contrato | V44: =+'EVALUACION CON CONTROLES'!P49 -> Cierre o liquidación del contrato | ... X44: =+'EVALUACION CON CONTROLES'!R49 -> Mensualmente
B45: 35 | C45: {=+'EVALUACION CON CONTROLES'!C50:F50} -> Eventos naturales tales como lluvias, inundaciones y sequias entre otros | D45: 0 | E45: 0 | F45: 0 | G45: =+EVALUACION!H51 -> Paralización de actividades, suspensión de actividades, daño en los equipos y materiales, reprogramación de cronograma, retrasos, aumentos en los costos, cumplimiento de claúsulas por incumplimiento de fuerza mayor, retrasos en la entrega de beneficios. | H45: =+EVALUACION!I51 -> 3 | I45: =+EVALUACION!J51 -> 4 | J45: =+EVALUACION!K51 -> 7 | K45: =+EVALUACION!L51 -> ALTO | L45: CONTRATISTA Y SDG | M45: 50% - 50% | N45: =+'EVALUACION CON CONTROLES'!G50 -> (1) El apoyo a la supervisión y profesional designado por el contratista, (2) 5 días antes de cada evento (3) realizarán una revisión de las condiciones climáticas y en caso de que estas no sean favorables para el desarrolo del evento,se deberán tomar medidas como por ejemplo la instalación de carpas o se deberá reprogramar el evento. (4) Como evidencia de la ejecución del control quedará el formato GDI-GPD-F029 Formato evidencia de reunión y comunicaciones realizadas. | O45: =+'EVALUACION CON CONTROLES'!I50 -> 3 | P45: =+'EVALUACION CON CONTROLES'!J50 -> 4 | Q45: =+'EVALUACION CON CONTROLES'!K50 -> 7 | R45: =+'EVALUACION CON CONTROLES'!L50 -> ALTO | S45: =+'EVALUACION CON CONTROLES'!M50 -> SI | T45: =+'EVALUACION CON CONTROLES'!N50 -> El apoyo a la supervisión y profesional designado por el contratista | U45: =+'EVALUACION CON CONTROLES'!O50 -> Durante la ejecución del contrato | V45: =+'EVALUACION CON CONTROLES'!P50 -> Cierre o liquidación del contrato | ... X45: =+'EVALUACION CON CONTROLES'!R50 -> 5 días antes de cada evento
B46: 36 | C46: {=+'EVALUACION CON CONTROLES'!C51:F51} -> Deterioro de las condiciones de seguridad y orden público que impidan el transporte de los funcionarios o el aplazamiento de recorridos | D46: 0 | E46: 0 | F46: 0 | G46: =+EVALUACION!H52 -> Suspensión o aplazamiento de actividades, gastos adicionales de seguridad, demora en el cronograma, paralización de eventos, peligro para la vida y salud de los funcionarios, dificultades de acceso a la zonas de ejecución del contrato, reajuste de términos contractuales, penalidades por incumplimiento, percpeción pública negativa, | H46: =+EVALUACION!I52 -> 3 | I46: =+EVALUACION!J52 -> 2 | J46: =+EVALUACION!K52 -> 5 | K46: =+EVALUACION!L52 -> MEDIO | L46: CONTRATISTA Y SDG | M46: 50% - 50% | N46: =+'EVALUACION CON CONTROLES'!G51 -> (1) El apoyo a la supervisión y profesional designado por el contratista, (2) 10 días antes de cada recorrido necesario para la ejecución del contrato (3) realizarán una revisión de las condiciones de seguridad. En caso de que estas sean desfavorables, deberán tomar las medidas de seguridad correspondientes como pedir acompañamiento de la Policía o postergar el recorrido hasta que la situación se normalice. (4) Como evidencia de la ejecución del control quedará el formato GDI-GPD-F029 Formato evidencia de reunión y comunicaciones realizadas. | O46: =+'EVALUACION CON CONTROLES'!I51 -> 3 | P46: =+'EVALUACION CON CONTROLES'!J51 -> 2 | Q46: =+'EVALUACION CON CONTROLES'!K51 -> 5 | R46: =+'EVALUACION CON CONTROLES'!L51 -> MEDIO | S46: =+'EVALUACION CON CONTROLES'!M51 -> SI | T46: =+'EVALUACION CON CONTROLES'!N51 -> El apoyo a la supervisión y profesional designado por el contratista | U46: =+'EVALUACION CON CONTROLES'!O51 -> Durante la ejecución del contrato | V46: =+'EVALUACION CON CONTROLES'!P51 -> Cierre o liquidación del contrato | ... X46: =+'EVALUACION CON CONTROLES'!R51 -> 10 días antes de cada recorrido
F50: Categoria | J50: Impacto del Riesgo
E51: Probabilidad | F51: Catagoria | G51: Valoración | J51: Categoria | L51: Valoración
F52: Raro (puede ocurrir excepcionalmente) | G52: 1 | J52: Insignificante | L52: 1
F53: Improbable (puede ocurrir ocasionalmente) | G53: 2 | J53: Menor | L53: 2
F54: Posible (puede ocurrir en cualquier momento futuro) | G54: 3 | J54: Moderado | L54: 3
F55: Probable (probablemente va a ocurrir) | G55: 4 | J55: Mayor | L55: 4
F56: Casi cierto (ocurre en la mayoria de circunstancias) | G56: 5 | J56: Catastrófico | L56: 5
D58: Valoración del Riesgo
D59: Catagoria | E59: Valoración | F59: Insignificante | H59: Menor | J59: Moderado | K59: Mayor | L59: Catastrófico | P59: Categoria del Riesgo
F60: 1 | H60: 2 | J60: 3 | K60: 4 | L60: 5 | P60: Valoración del Riesgo | S60: Categoría
D61: Raro (puede ocurrir excepcionalmente) | E61: 1 | F61: 2 | H61: 3 | J61: 4 | K61: 5 | L61: 6 | P61: 8, 9 y 10 | S61: Riesgo extremo
D62: Improbable (puede ocurrir ocasionalmente) | E62: 2 | F62: 3 | H62: 4 | J62: 5 | K62: 6 | L62: 7 | P62: 6 y 7 | S62: Riesgo alto
D63: Posible (puede ocurrir en cualquier momento futuro) | E63: 3 | F63: 4 | H63: 5 | J63: 6 | K63: 7 | L63: 8 | P63: 5 | S63: Riesgo medio
D64: Probable (probablemente va a ocurrir) | E64: 4 | F64: 5 | H64: 6 | J64: 7 | K64: 8 | L64: 9 | P64: 2, 3 y 4 | S64: Riesgo bajo
D65: Casi cierto (ocurre en la mayoria de circunstancias) | E65: 5 | F65: 6 | H65: 7 | J65: 8 | K65: 9 | L65: 10
B70: CONTRATISTA
B71: SDG
B72: CONTRATISTA Y SDG
